 Dungeon Crawl Stone Soup version 0.29.0-4-gdea44cf6ec (webtiles) character file.

Game seed: 11534292718772908104

134593 qw the Brawler (level 16, -10/150 HPs)
             Began as a Troll Cinder Acolyte on Sept 1, 2022.
             Was a High Priest of Okawaru.
             Blown up by a sun moth (34 damage)
             ... with a bolt of energy
             ... on level 3 of the Spider Nest.
             The game lasted 00:16:14 (23419 turns).

qw the Brawler (Troll Cinder Acolyte)              Turns: 23419, Time: 00:16:15

Health: -10/150    AC: 32    Str: 32    XL:     16   Next: 62%
Magic:  31/31      EV:  8    Int:  5    God:    Okawaru [*****.]
Gold:   867        SH: 19    Dex:  5    Spells: 17/17 levels left

rFire   + + .      SeeInvis .     - Unarmed
rCold   + . .      Faith    .   j - +0 tower shield "Piam Sai" {rF+ Will+}
rNeg    . . .      Spirit   .   e - +0 gold dragon scales of Yesterday {rPois rF+ rC+ MP+9}
rPois   +          Reflect  .   w - +4 hat of the Seven Mice {rC- Int-5 Slay+5 Stlth+}
rElec   .          Harm     .   g - +2 cloak
rCorr   .          Rampage  .   (gloves unavailable)
Will    ++...                   (boots unavailable)
Stlth   ..........              y - amulet "Rympuqo" {rC+ Regen+}
HPRegen 1.95/turn               l - +4 ring of evasion
MPRegen 0.22/turn               s - +4 ring of protection

@: about to teleport, heroic
A: large, unfitting armour, claws 3, regeneration 1, shaggy fur 1, tough skin 1
a: Renounce Religion, Heroism, Finesse, Duel


You were on level 3 of the Spider Nest.
You worshipped Okawaru.
Okawaru was extremely pleased with you.
You visited 4 branches of the dungeon, and saw 25 of its levels.
You also visited: Ossuary.

You collected 2448 gold pieces.
You spent 1581 gold pieces at shops.


Innate Abilities, Weirdness & Mutations

You are too large for most types of armour.
You have claws for hands.
Your natural rate of healing is unusually fast.
You are covered in fur. (AC +1)
You have tough skin. (AC +1)


   Skills:
 + Level 7.9(12.9) Fighting
 - Level 7.0(12.0) Throwing
 - Level 7.1(12.1) Armour
 - Level 2.0(7.0) Dodging
 - Level 16.0(21.0) Shields
 - Level 18.0(23.0) Unarmed Combat
 - Level 1.0 Spellcasting
 - Level 2.1 Fire Magic
 - Level 10.0 Invocations


You had 17 spell levels left.
You didn't know any spells.
Your spell library contained the following spells:

 Spells                   Type           Power      Damage    Failure   Level
 Scorch                   Fire           4%         2d5       100%        2

Inventory:

Missiles
 n - 27 boomerangs
 p - 43 large rocks (quivered)
 u - 3 boomerangs of dispersal
 v - 2 javelins
 x - 3 silver boomerangs
 z - 4 silver javelins
Armour
 e - the +0 gold dragon scales of Yesterday (worn) {rPois rF+ rC+ MP+9}
   (You acquired it on level 4 of the Dungeon)

   rF:        It protects you from fire.
   rC:        It protects you from cold.
   rPois:     It protects you from poison.
   MP:        It affects your magic capacity (+9).
 g - a +2 cloak (worn)
 j - the +0 tower shield "Piam Sai" (worn) {rF+ Will+}
   (Okawaru gifted it to you on level 5 of the Lair of Beasts)

   rF:        It protects you from fire.
   Will:      It increases your willpower.
 w - the +4 hat of the Seven Mice (worn) {rC- Int-5 Slay+5 Stlth+}
   (Okawaru gifted it to you on level 15 of the Dungeon)

   Int:       It affects your intelligence (-5).
   Slay:      It affects your accuracy & damage with ranged weapons and melee
   (+5).
   rC:        It makes you vulnerable to cold.
   Stlth:     It makes you more stealthy.
Jewellery
 h - the amulet "Umiug" {Faith rElec rF++ Dex+4}
   (You found it on level 2 of the Lair of Beasts)

   [amulet of faith]

   It allows you to gain divine favour quickly.
   Dex:       It affects your dexterity (+4).
   rF:        It greatly protects you from fire.
   rElec:     It insulates you from electricity.
 l - a +4 ring of evasion (left claw)
 r - a ring of fire
 s - a +4 ring of protection (right claw)
 y - the amulet "Rympuqo" (around neck) {rC+ Regen+}
   (You bought it in a shop on level 2 of the Orcish Mines)

   [amulet of regeneration]

   rC:        It protects you from cold.
   Regen:     It increases your rate of health regeneration.
Scrolls
 c - 10 scrolls of identify
 f - 10 scrolls of teleportation
 t - 4 scrolls of enchant weapon
Potions
 a - 6 potions of might
 b - 4 potions of resistance
 i - a potion of curing
 k - 5 potions of haste
 o - 3 potions of mutation
 q - a potion of cancellation

Dungeon Overview and Level Annotations

Branches:
Dungeon (15/15)            Temple (0/1) D:5            Lair (5/5) D:8
 Shoals (0/4) Lair:2       Spider (3/4) Lair:2        Slime (0/5) Lair:4
    Orc (2/2) D:12            Elf (0/3) Orc:2        Vaults (0/5) D:14
 Depths (0/4) D:15        Ossuary (visited)

Altars:
Ashenzari
Cheibriados
Fedhas
Hepliaklqana
Nemelex Xobeh
Okawaru
Qazlal
Ru
Sif Muna
Uskayaw
Vehumet
Wu Jian
Xom
Yredelemnul
The Shining One
Jiyva

Shops:
D:1 :   D:9 **   Orc:2 =*[*

Portals:
Pandemonium: Orc:2
Trove: D:11 (give +4 shadow dragon scales)

Annotations:
D:3 2 transporters


Message History

The wolf spider bites you but does no damage.
You block the boulder beetle's attack.
The redback bites you but does no damage.
The redback barely misses you. You block the boulder beetle's attack.
The wolf spider completely misses you. The wolf spider closely misses you.
You block the redback's attack.
You barely miss the boulder beetle.
The jumping spider's many legs skitter faintly.
The jumping spider leaps!
You block the wolf spider's attack. The wolf spider bites you!
You block the jumping spider's attack.
The jumping spider bites you but does no damage.
The redback bites you but does no damage.
You block the redback's attack. The boulder beetle barely misses you.
The torpor snail closely misses you.
The jumping spider leaps!
23417 ||| Stepping ~*~*~tactically~*~*~ (outnumbered).
The jumping spider attacks as you move away!
The jumping spider pounces on you but does no damage.
The jumping spider barely misses you.
Your surroundings suddenly seem different.
A tarantella, a jumping spider and a wolf spider come into view.
Found a flail and a scroll of fear.
Found a stone staircase leading up.
The tarantella's many legs skitter faintly.
The jumping spider's many legs skitter faintly.
The wolf spider's many legs skitter.
The orb spider's many legs skitter faintly.
Enter note:
23418 ||| READING 11 scrolls of teleportation.
As you read the scroll of teleportation, it crumbles to dust.
You feel strangely unstable.
You feel yourself speed up.
The jumping spider's many legs skitter faintly.
The jumping spider leaps! x3
The orb spider weaves a glowing orb of energy.
An orb of destruction comes into view.
A sun moth comes into view.
Found a stone staircase leading up.
A tarantella comes into view.
The sun moth throws energy at you. The bolt of energy hits you!!
You die...

#~........#)0....
#~...>..#....s...
###~~~#.............
#~~.#~.#...s.....#..
~~.......#*....#..##
.......#...s....###
.........s.s^...#
#0.....0....#..
........@.......
..#....).s.....y
...?............
.....#..........
.........#...<..
................
................
......<.......


You could see a sun moth, a wolf spider, an orb spider, a culicivora, a jumping
spider and 2 tarantellas.

Vanquished Creatures
  Rupert (Spider:1)
  Kirke (Lair:3)
  Frances (D:12)
  3 emperor scorpions
  A stone giant (D:15)
  2 entropy weavers
  Snorg (D:11)
  2 vault guards (D:14)
  3 boulder beetles
  A demonspawn (Orc:2)
  8 hydras
  8 centaur warriors
  A jorogumo (Spider:2)
  A catoblepas (Lair:3)
  2 two-headed ogres
  A two-headed ogre (shapeshifter) (D:13)
  3 tengu warriors
  8 orc high priests (Orc:2)
  2 soul eaters (Orc:2)
  A sun demon (Orc:2)
  A sixfirhy (Orc:2)
  4 pharaoh ants
  4 orb spiders
  3 steelbarb worms
  2 wizards
  3 orc sorcerers (Orc:2)
  4 orc knights (Orc:2)
  A lindwurm (Lair:4)
  3 deep elf pyromancers
  A necromancer (D:14)
  16 ugly things (D:15)
  13 wolf spiders
  5 manticores
  An oklob plant (D:12)
  7 cyclopes
  16 elephants
  A moth of wrath (Spider:2)
  8 black mambas
  6 gargoyles
  Maurice (D:11)
  2 unseen horrors
  A molten gargoyle (D:14)
  18 cane toads
  Psyche (D:8)
  6 torpor snails
  A kobold demonologist (D:10)
  A yaktaur (D:15)
  9 demonic crawlers
  6 komodo dragons
  A freezing wraith (D:14)
  A tengu conjurer (D:13)
  A meliai (D:14)
  5 trolls
  3 tyrant leeches (Lair:5)
  4 hornets
  A polar bear (Lair:5)
  23 tarantellas
  5 slime creatures
  Prince Ribbit (D:7)
  Grinder (D:6)
  23 blink frogs
  22 jumping spiders
  14 culicivoras
  Sigmund (D:6)
  3 wyverns
  2 shadows
  6 fire elementals
  51 yaks
  2 wraiths
  A basilisk (Lair:5)
  A chaos spawn (Orc:2)
  20 humans (D:14)
  38 redbacks
  3 hogs (Lair:3)
  2 wargs (Orc:1)
  11 vampire mosquitoes
  An acid dragon (D:14)
  Edmund (D:6)
  20 water moccasins
  Duvessa (D:6)
  30 orc warriors
  3 black bears
  An ice beast (D:5)
  13 ogres
  7 centaurs
  6 wolves (Lair:2)
  A phantom (D:6)
  5 kobold brigands
  15 bullfrogs
  2 necrophages
  2 gnoll sergeants
  6 scorpions
  4 wights (D:9)
  Dowan (D:6)
  15 killer bees
  An oklob sapling (D:12)
  3 electric eels
  9 howler monkeys
  3 hounds
  19 orc priests
  5 iguanas
  Ijyb (D:4)
  Natasha (twice) (D:2)
  20 orc wizards
  2 mummies (Ossuary)
  12 gnolls
  10 adders
  A shadow imp (D:7)
  A white imp (D:8)
  2 ufetubi
  A worm (D:3)
  3 dart slugs
  88 orcs
  14 ball pythons
  10 endoplasms
  3 giant cockroaches
  5 goblins
  10 hobgoblins
  4 quokkas (D:3)
  4 bats
  4 frilled lizards
  3 gnoll zombies (Ossuary)
  4 goblin zombies (Ossuary)
  3 hobgoblin zombies (Ossuary)
  24 kobolds
  4 orc zombies (Ossuary)
851 creatures vanquished.

Vanquished Creatures (others)
  A water moccasin (Lair:3)
  21 fungi
  87 plants
109 creatures vanquished.

Grand Total: 960 creatures vanquished

Notes
Turn   | Place    | Note
-------+----------+-------------------------------------------
     0 | D:1      | qw the Troll Cinder Acolyte began the quest for the Orb.
     0 | D:1      | Reached XP level 1. HP: 22/22 MP: 1/1
     0 | D:1      | 0 ||| qw: Version: 0.1-a-97-g2dd2ca4
     0 | D:1      | 0 ||| qw: Game counter: 4798
     0 | D:1      | 0 ||| qw: Always use a shield: true
     0 | D:1      | 0 ||| qw: God list: Okawaru
     0 | D:1      | 0 ||| qw: Allow faded altars: false
     0 | D:1      | 0 ||| qw: Do Orc after D:15 true
     0 | D:1      | 0 ||| qw: Do second Lair branch before Depths: true
     0 | D:1      | 0 ||| qw: Lair rune preference: random
     0 | D:1      | 0 ||| qw: Plans: Normal
     0 | D:1      | 0 ||| PLANNING D:1-11
    33 | D:1      | 33 ||| Stepping ~*~*~tactically~*~*~ (stealth).
   121 | D:1      | 121 ||| Stepping ~*~*~tactically~*~*~ (stealth).
   135 | D:1      | Found Urreallist's Book Shoppe.
   149 | D:1      | Reached XP level 2. HP: 29/29 MP: 2/2
   149 | D:1      | 149 ||| DROPPING amulet of magic regeneration.
   773 | D:1      | Reached skill level 4 in Unarmed Combat
   828 | D:1      | 828 ||| UPGRADING to +0 cloak.
   833 | D:1      | 833 ||| READING scroll labelled SUZ ZOSHOM.
   834 | D:1      | 834 ||| READING 2 scrolls labelled LEGOOC GICUN.
   839 | D:1      | 839 ||| READING 2 scrolls labelled IJERCH ZEPHER.
   881 | D:2      | Found a blossoming altar of Fedhas.
  1056 | D:2      | 1056 ||| Stepping ~*~*~tactically~*~*~ (stealth).
  1077 | D:2      | Reached XP level 3. HP: 36/36 MP: 3/3
  1153 | D:2      | Noticed Natasha
  1154 | D:2      | 1154 ||| Stepping ~*~*~tactically~*~*~ (hiding).
  1165 | D:2      | Killed Natasha
  1197 | D:2      | Noticed Natasha
  1198 | D:2      | 1198 ||| Stepping ~*~*~tactically~*~*~ (hiding).
  1203 | D:2      | Killed Natasha
  1204 | D:2      | Reached skill level 5 in Unarmed Combat
  1204 | D:2      | Reached XP level 4. HP: 44/44 MP: 4/4
  1427 | D:2      | 1427 ||| READING scroll labelled RIVAOSONOKH.
  1428 | D:2      | 1428 ||| DRINKING 2 fizzy grey potions.
  1429 | D:2      | 1429 ||| READING 2 scrolls of identify.
  1429 | D:2      | 1429 ||| IDENTIFYING cyan potion
  1430 | D:2      | 1430 ||| DROPPING potion of degeneration.
  1471 | D:3      | 1471 ||| Stepping ~*~*~tactically~*~*~ (stealth).
  1476 | D:3      | 1476 ||| Stepping ~*~*~tactically~*~*~ (stealth).
  1574 | D:3      | Found a shimmering altar of Xom.
  1616 | D:3      | Noticed a black bear
  1622 | D:3      | 1622 ||| Stepping ~*~*~tactically~*~*~ (stealth).
  1627 | D:3      | Killed a black bear
  1628 | D:3      | Reached skill level 6 in Unarmed Combat
  1628 | D:3      | Reached XP level 5. HP: 40/50 MP: 5/5
  1632 | D:3      | 1632 ||| Stepping ~*~*~tactically~*~*~ (stealth).
  1643 | D:3      | 1643 ||| Stepping ~*~*~tactically~*~*~ (hiding).
  1753 | D:3      | Found a transporter.
  1767 | D:3      | Found a transporter.
  1772 | D:3      | Found a snail-covered altar of Cheibriados.
  2220 | D:3      | 2220 ||| READING scroll labelled BEITOA VELION.
  2321 | D:3      | 2321 ||| READING scroll labelled NIDDOCHISM.
  2322 | D:3      | 2322 ||| DRINKING 3 brown potions.
  2323 | D:3      | 2323 ||| READING 2 scrolls of identify.
  2323 | D:3      | 2323 ||| IDENTIFYING sapphire potion
  2324 | D:3      | 2324 ||| DROPPING potion of attraction.
  2356 | D:4      | 2356 ||| PLANNING OSSUARY
  2397 | D:4      | Reached XP level 6. HP: 53/59 MP: 6/6
  2447 | D:4      | Reached skill level 7 in Unarmed Combat
  2451 | D:4      | Noticed Ijyb
  2459 | D:4      | Killed Ijyb
  2498 | D:4      | 2498 ||| Stepping ~*~*~tactically~*~*~ (hiding).
  2499 | D:4      | 2499 ||| Stepping ~*~*~tactically~*~*~ (hiding).
  2672 | D:4      | Found a sand-covered staircase.
  2673 | D:4      | 2673 ||| READING scroll labelled JEOMNI QEAMI.
  2674 | D:4      | 2674 ||| READING scroll labelled VIETAPHEUPN.
  2674 | D:4      | Identified a scroll of acquirement
  2674 | D:4      | 2674 ||| ACQUIRING +0 gold dragon scales of Yesterday
                  | {rPois rF+ rC+ MP+9}
  2674 | D:4      | Acquired the +0 gold dragon scales of Yesterday {rPois rF+
                  | rC+ MP+9}
  2676 | D:4      | 2676 ||| UPGRADING to +0 gold dragon scales of Yesterday
                  | {rPois rF+ rC+ MP+9}.
  2686 | D:4      | 2686 ||| DROPPING +0 robe.
  2687 | D:4      | 2687 ||| READING scroll labelled XEOGAM WAST.
  2688 | D:4      | 2688 ||| DRINKING 2 green potions.
  2697 | Ossuary  | Entered an ossuary
  2760 | Ossuary  | 2760 ||| Stepping ~*~*~tactically~*~*~ (outnumbered).
  2850 | Ossuary  | 2850 ||| Stepping ~*~*~tactically~*~*~ (outnumbered).
  2851 | Ossuary  | 2851 ||| Stepping ~*~*~tactically~*~*~ (outnumbered).
  2852 | Ossuary  | 2852 ||| Stepping ~*~*~tactically~*~*~ (outnumbered).
  2921 | D:4      | 2921 ||| PLANNING D:1-11
  3056 | D:4      | Reached skill level 1 in Armour
  3093 | D:4      | Reached XP level 7. HP: 65/66 MP: 7/7
  3192 | D:4      | Found an iron altar of Okawaru.
  3232 | D:4      | 3232 ||| READING scroll labelled QUOMEO BOID.
  3233 | D:4      | 3233 ||| DRINKING 2 lumpy grey potions.
  3234 | D:4      | 3234 ||| DROPPING potion of brilliance.
  3241 | D:4      | 3241 ||| Stepping ~*~*~tactically~*~*~ (stealth).
  3271 | D:5      | Entered Level 5 of the Dungeon
  3276 | D:5      | 3276 ||| STAIRDANCE
  3293 | D:5      | 3293 ||| STAIRDANCE
  3300 | D:5      | 3300 ||| Stepping ~*~*~tactically~*~*~ (hiding).
  3306 | D:5      | Reached skill level 8 in Unarmed Combat
  3310 | D:5      | 3310 ||| Stepping ~*~*~tactically~*~*~ (outnumbered).
  3311 | D:5      | 3311 ||| Stepping ~*~*~tactically~*~*~ (outnumbered).
  3312 | D:5      | 3312 ||| Stepping ~*~*~tactically~*~*~ (outnumbered).
  3313 | D:5      | 3313 ||| Stepping ~*~*~tactically~*~*~ (outnumbered).
  3370 | D:5      | 3370 ||| Stepping ~*~*~tactically~*~*~ (stealth).
  3376 | D:5      | Reached skill level 3 in Armour
  3402 | D:5      | Reached skill level 3 in Fighting
  3457 | D:5      | 3457 ||| Stepping ~*~*~tactically~*~*~ (stealth).
  3462 | D:5      | 3462 ||| Stepping ~*~*~tactically~*~*~ (stealth).
  3480 | D:5      | 3480 ||| Stepping ~*~*~tactically~*~*~ (stealth).
  3482 | D:5      | 3482 ||| Stepping ~*~*~tactically~*~*~ (stealth).
  3484 | D:5      | 3484 ||| INVOKING Fiery Armour.
  3489 | D:5      | 3489 ||| Stepping ~*~*~tactically~*~*~ (outnumbered).
  3490 | D:5      | 3490 ||| Stepping ~*~*~tactically~*~*~ (outnumbered).
  3491 | D:5      | Reached XP level 8. HP: 67/75 MP: 8/8
  3495 | D:5      | Reached skill level 9 in Unarmed Combat
  3505 | D:5      | 3505 ||| Stepping ~*~*~tactically~*~*~ (stealth).
  3507 | D:5      | 3507 ||| Stepping ~*~*~tactically~*~*~ (stealth).
  3511 | D:5      | 3511 ||| Stepping ~*~*~tactically~*~*~ (stealth).
  3513 | D:5      | 3513 ||| Stepping ~*~*~tactically~*~*~ (stealth).
  3519 | D:5      | 3519 ||| Stepping ~*~*~tactically~*~*~ (hiding).
  3568 | D:5      | Found a staircase to the Ecumenical Temple.
  3593 | D:5      | Noticed a +0 hand axe
  3593 | D:5      | Noticed a +0 hand axe
  3594 | D:5      | Found a hide-covered altar of Uskayaw.
  3689 | D:5      | Found a shimmering blue altar of Sif Muna.
  3711 | D:5      | 3711 ||| DRINKING 2 potions of curing.
  3711 | D:5      | 3711 ||| (to cure confusion)
  3898 | D:5      | 3898 ||| DROPPING orb of light.
  3899 | D:5      | 3899 ||| UPGRADING to amulet of regeneration.
  3904 | D:5      | 3904 ||| UPGRADING to +4 ring of evasion.
  3905 | D:5      | 3905 ||| READING scroll labelled UCWENLOEGY.
  3906 | D:5      | 3906 ||| READING 2 scrolls of identify.
  3906 | D:5      | 3906 ||| IDENTIFYING bubbling coppery potion
  3907 | D:5      | 3907 ||| DROPPING potion of flight.
  4034 | D:6      | Noticed Grinder
  4040 | D:6      | Killed Grinder
  4041 | D:6      | Reached skill level 10 in Unarmed Combat
  4041 | D:6      | 4041 ||| FLEEEEING.
  4060 | D:6      | Found a radiant altar of Vehumet.
  4082 | D:6      | Noticed Duvessa
  4082 | D:6      | Noticed Dowan
  4083 | D:6      | 4083 ||| Stepping ~*~*~tactically~*~*~ (hiding).
  4084 | D:6      | 4084 ||| Stepping ~*~*~tactically~*~*~ (hiding).
  4086 | D:6      | 4086 ||| Stepping ~*~*~tactically~*~*~ (hiding).
  4087 | D:6      | 4087 ||| INVOKING Fiery Armour.
  4091 | D:6      | 4091 ||| Stepping ~*~*~tactically~*~*~ (hiding).
  4092 | D:6      | 4092 ||| Stepping ~*~*~tactically~*~*~ (hiding).
  4095 | D:6      | 4095 ||| Stepping ~*~*~tactically~*~*~ (hiding).
  4098 | D:6      | Killed Duvessa
  4104 | D:6      | Killed Dowan
  4135 | D:6      | Noticed Edmund
  4150 | D:6      | Killed Edmund
  4151 | D:6      | Reached XP level 9. HP: 79/84 MP: 9/9
  4290 | D:6      | Reached skill level 1 in Throwing
  4301 | D:6      | Noticed Sigmund
  4310 | D:6      | Killed Sigmund
  4383 | D:6      | Found an ornate altar of the Wu Jian Council.
  4408 | D:6      | 4408 ||| DROPPING ring of flight.
  4409 | D:6      | 4409 ||| READING scroll labelled HAMUPT QALEA.
  4410 | D:6      | 4410 ||| READING scroll labelled UMUQIU CAREGAO.
  4433 | D:6      | 4433 ||| DRINKING 2 black potions.
  4434 | D:6      | 4434 ||| DRINKING 2 clear potions.
  4435 | D:6      | 4435 ||| READING 4 scrolls of identify.
  4435 | D:6      | 4435 ||| IDENTIFYING viscous puce potion
  4436 | D:6      | 4436 ||| DROPPING potion of magic.
  4456 | D:7      | 4456 ||| STAIRDANCE
  4467 | D:7      | 4467 ||| Stepping ~*~*~tactically~*~*~ (outnumbered).
  4469 | D:7      | 4469 ||| Stepping ~*~*~tactically~*~*~ (outnumbered).
  4470 | D:7      | 4470 ||| Stepping ~*~*~tactically~*~*~ (outnumbered).
  4474 | D:7      | 4474 ||| Stepping ~*~*~tactically~*~*~ (outnumbered).
  4477 | D:7      | 4477 ||| Stepping ~*~*~tactically~*~*~ (outnumbered).
  4480 | D:7      | 4480 ||| Stepping ~*~*~tactically~*~*~ (outnumbered).
  4484 | D:7      | 4484 ||| Stepping ~*~*~tactically~*~*~ (outnumbered).
  4486 | D:7      | 4486 ||| Stepping ~*~*~tactically~*~*~ (outnumbered).
  4487 | D:7      | 4487 ||| INVOKING Fiery Armour.
  4572 | D:7      | Found a hazy altar of Hepliaklqana.
  4623 | D:7      | Noticed Prince Ribbit
  4638 | D:7      | Killed Prince Ribbit
  4639 | D:7      | Reached skill level 11 in Unarmed Combat
  4662 | D:7      | Reached skill level 3 in Throwing
  4785 | D:7      | Found a sparkling altar of Nemelex Xobeh.
  4874 | D:7      | 4874 ||| READING 2 scrolls labelled TIOBATTOTEE.
  4875 | D:7      | 4875 ||| READING scroll of enchant armour.
  4875 | D:7      | 4875 ||| ENCHANTING +0 cloak.
  4876 | D:7      | 4876 ||| READING scroll labelled BOECIL DUREU.
  4989 | D:8      | Found a basalt altar of Yredelemnul.
  4998 | D:8      | Noticed Psyche
  5002 | D:8      | Killed Psyche
  5025 | D:8      | Found a sacrificial altar of Ru.
  5063 | D:8      | Found a staircase to the Lair.
  5089 | D:8      | Reached skill level 12 in Unarmed Combat
  5142 | D:8      | 5142 ||| Stepping ~*~*~tactically~*~*~ (outnumbered).
  5145 | D:8      | 5145 ||| INVOKING Fiery Armour.
  5149 | D:8      | 5149 ||| Stepping ~*~*~tactically~*~*~ (outnumbered).
  5159 | D:8      | 5159 ||| Stepping ~*~*~tactically~*~*~ (outnumbered).
  5256 | D:8      | Found a stormy altar of Qazlal.
  5315 | D:8      | 5315 ||| PLANNING LAIR
  5315 | D:8      | 5315 ||| UPGRADING to +0 kite shield.
  5320 | D:8      | 5320 ||| UPGRADING to +6 ring of dexterity.
  5321 | D:8      | 5321 ||| READING scroll labelled JILOPP QEXI.
  5322 | D:8      | 5322 ||| READING 4 scrolls of identify.
  5322 | D:8      | 5322 ||| IDENTIFYING viscous inky potion
  5323 | D:8      | 5323 ||| DROPPING potion of ambrosia.
  5386 | Lair:1   | Entered Level 1 of the Lair of Beasts
  5386 | Lair:1   | Noticed an elephant
  5386 | Lair:1   | Noticed an elephant
  5386 | Lair:1   | Noticed an elephant
  5387 | Lair:1   | 5387 ||| INVOKING Fiery Armour.
  5388 | Lair:1   | 5388 ||| Stepping ~*~*~tactically~*~*~ (outnumbered).
  5388 | Lair:1   | Noticed an elephant
  5389 | Lair:1   | 5389 ||| Stepping ~*~*~tactically~*~*~ (outnumbered).
  5390 | Lair:1   | 5390 ||| Stepping ~*~*~tactically~*~*~ (outnumbered).
  5390 | Lair:1   | Noticed an elephant
  5391 | Lair:1   | 5391 ||| Stepping ~*~*~tactically~*~*~ (outnumbered).
  5392 | Lair:1   | 5392 ||| Stepping ~*~*~tactically~*~*~ (outnumbered).
  5393 | Lair:1   | 5393 ||| Stepping ~*~*~tactically~*~*~ (outnumbered).
  5394 | Lair:1   | 5394 ||| Stepping ~*~*~tactically~*~*~ (outnumbered).
  5395 | Lair:1   | 5395 ||| Stepping ~*~*~tactically~*~*~ (outnumbered).
  5396 | Lair:1   | 5396 ||| Stepping ~*~*~tactically~*~*~ (outnumbered).
  5397 | Lair:1   | 5397 ||| Stepping ~*~*~tactically~*~*~ (outnumbered).
  5398 | Lair:1   | 5398 ||| Stepping ~*~*~tactically~*~*~ (outnumbered).
  5399 | Lair:1   | 5399 ||| Stepping ~*~*~tactically~*~*~ (outnumbered).
  5404 | Lair:1   | Killed an elephant
  5405 | Lair:1   | Reached XP level 10. HP: 89/94 MP: 10/10
  5406 | Lair:1   | Killed an elephant
  5407 | Lair:1   | Reached skill level 3 in Shields
  5410 | Lair:1   | Killed an elephant
  5416 | Lair:1   | Killed an elephant
  5422 | Lair:1   | Killed an elephant
  5435 | Lair:1   | Reached skill level 6 in Shields
  5439 | Lair:1   | Reached skill level 1 in Dodging
  5522 | Lair:1   | 5522 ||| Stepping ~*~*~tactically~*~*~ (outnumbered).
  5523 | Lair:1   | 5523 ||| Stepping ~*~*~tactically~*~*~ (outnumbered).
  5524 | Lair:1   | 5524 ||| Stepping ~*~*~tactically~*~*~ (outnumbered).
  5595 | Lair:1   | 5595 ||| Stepping ~*~*~tactically~*~*~ (stealth).
  5608 | Lair:1   | 5608 ||| Stepping ~*~*~tactically~*~*~ (outnumbered).
  5610 | Lair:1   | 5610 ||| Stepping ~*~*~tactically~*~*~ (outnumbered).
  5612 | Lair:1   | 5612 ||| Stepping ~*~*~tactically~*~*~ (outnumbered).
  5613 | Lair:1   | 5613 ||| Stepping ~*~*~tactically~*~*~ (outnumbered).
  5614 | Lair:1   | 5614 ||| Stepping ~*~*~tactically~*~*~ (outnumbered).
  5623 | Lair:1   | Reached XP level 11. HP: 95/101 MP: 11/11
  5841 | Lair:1   | Noticed a five-headed hydra
  5842 | Lair:1   | 5842 ||| INVOKING Fiery Armour.
  5845 | Lair:1   | 5845 ||| Stepping ~*~*~tactically~*~*~ (stealth).
  5849 | Lair:1   | Killed a seven-headed hydra
  5857 | Lair:1   | Reached skill level 9 in Shields
  5902 | Lair:1   | 5902 ||| Stepping ~*~*~tactically~*~*~ (stealth).
  5909 | Lair:1   | 5909 ||| Stepping ~*~*~tactically~*~*~ (stealth).
  5910 | Lair:1   | 5910 ||| Stepping ~*~*~tactically~*~*~ (stealth).
  5911 | Lair:1   | 5911 ||| Stepping ~*~*~tactically~*~*~ (stealth).
  5917 | Lair:1   | 5917 ||| Stepping ~*~*~tactically~*~*~ (outnumbered).
  5918 | Lair:1   | 5918 ||| Stepping ~*~*~tactically~*~*~ (outnumbered).
  5919 | Lair:1   | 5919 ||| Stepping ~*~*~tactically~*~*~ (outnumbered).
  5920 | Lair:1   | 5920 ||| Stepping ~*~*~tactically~*~*~ (outnumbered).
  5921 | Lair:1   | 5921 ||| Stepping ~*~*~tactically~*~*~ (outnumbered).
  5922 | Lair:1   | 5922 ||| Stepping ~*~*~tactically~*~*~ (outnumbered).
  6010 | Lair:1   | Noticed a four-headed hydra
  6011 | Lair:1   | 6011 ||| INVOKING Fiery Armour.
  6016 | Lair:1   | Killed a seven-headed hydra
  6343 | Lair:1   | 6343 ||| DRINKING 2 fizzy sapphire potions.
  6344 | Lair:1   | 6344 ||| READING 3 scrolls of identify.
  6344 | Lair:1   | 6344 ||| IDENTIFYING pink potion
  6345 | Lair:1   | 6345 ||| DROPPING potion of berserk rage.
  6368 | Lair:2   | 6368 ||| STAIRDANCE
  6382 | Lair:2   | 6382 ||| Stepping ~*~*~tactically~*~*~ (outnumbered).
  6383 | Lair:2   | 6383 ||| Stepping ~*~*~tactically~*~*~ (outnumbered).
  6455 | Lair:2   | Identified the +2 helmet of Ekeceori {rElec}
  6472 | Lair:2   | 6472 ||| Stepping ~*~*~tactically~*~*~ (stealth).
  6473 | Lair:2   | 6473 ||| Stepping ~*~*~tactically~*~*~ (stealth).
  6511 | Lair:2   | 6511 ||| Stepping ~*~*~tactically~*~*~ (stealth).
  6512 | Lair:2   | 6512 ||| Stepping ~*~*~tactically~*~*~ (stealth).
  6518 | Lair:2   | 6518 ||| Stepping ~*~*~tactically~*~*~ (outnumbered).
  6520 | Lair:2   | 6520 ||| Stepping ~*~*~tactically~*~*~ (outnumbered).
  6521 | Lair:2   | 6521 ||| Stepping ~*~*~tactically~*~*~ (outnumbered).
  6582 | Lair:2   | Found a hole to the Spider Nest.
  6592 | Lair:2   | Reached skill level 13 in Unarmed Combat
  6610 | Lair:2   | Identified the amulet "Umiug" {Faith rElec rF++ Dex+4}
  6618 | Lair:2   | Found a staircase to the Shoals.
  7270 | Lair:2   | 7270 ||| UPGRADING to amulet "Umiug" {Faith rElec rF++
                  | Dex+4}.
  7280 | Lair:2   | 7280 ||| UPGRADING to +4 ring of protection.
  7282 | Lair:2   | 7282 ||| DROPPING +6 ring of dexterity.
  7283 | Lair:2   | 7283 ||| READING scroll labelled ZEH NIECAICENK.
  7309 | Lair:3   | Noticed a four-headed hydra
  7310 | Lair:3   | 7310 ||| INVOKING Fiery Armour.
  7313 | Lair:3   | 7313 ||| STAIRDANCE
  7319 | Lair:3   | Killed a six-headed hydra
  7509 | Lair:3   | Noticed a catoblepas
  7510 | Lair:3   | 7510 ||| INVOKING Fiery Armour.
  7512 | Lair:3   | 7512 ||| Stepping ~*~*~tactically~*~*~ (cloud).
  7513 | Lair:3   | 7513 ||| Stepping ~*~*~tactically~*~*~ (cloud).
  7523 | Lair:3   | Killed a catoblepas
  7595 | Lair:3   | 7595 ||| Stepping ~*~*~tactically~*~*~ (stealth).
  7596 | Lair:3   | 7596 ||| Stepping ~*~*~tactically~*~*~ (stealth).
  7642 | Lair:3   | Reached XP level 12. HP: 95/111 MP: 12/12
  7663 | Lair:3   | Noticed Kirke
  7664 | Lair:3   | 7664 ||| INVOKING Fiery Armour.
  7673 | Lair:3   | 7673 ||| Stepping ~*~*~tactically~*~*~ (outnumbered).
  7702 | Lair:3   | Killed Kirke
  7703 | Lair:3   | Reached skill level 14 in Unarmed Combat
  7779 | Lair:3   | Identified the +3 leather armour of Whack-A-Mole {Harm
                  | Dex+4}
  7809 | Lair:3   | 7809 ||| INVOKING Fiery Armour.
  7814 | Lair:3   | 7814 ||| Stepping ~*~*~tactically~*~*~ (outnumbered).
  7815 | Lair:3   | 7815 ||| Stepping ~*~*~tactically~*~*~ (outnumbered).
  7850 | Lair:3   | Found a broken altar of Ashenzari.
  8120 | Lair:3   | 8120 ||| DROPPING ring of ice.
  8178 | Lair:4   | Noticed a boulder beetle
  8179 | Lair:4   | 8179 ||| STAIRDANCE
  8184 | Lair:3   | Reached skill level 6 in Fighting
  8198 | Lair:4   | 8198 ||| INVOKING Fiery Armour.
  8219 | Lair:4   | 8219 ||| Stepping ~*~*~tactically~*~*~ (hiding).
  8227 | Lair:4   | Killed a boulder beetle
  8228 | Lair:4   | Reached skill level 6 in Armour
  8235 | Lair:4   | 8235 ||| Stepping ~*~*~tactically~*~*~ (stealth).
  8236 | Lair:4   | 8236 ||| Stepping ~*~*~tactically~*~*~ (stealth).
  8237 | Lair:4   | 8237 ||| Stepping ~*~*~tactically~*~*~ (stealth).
  8238 | Lair:4   | 8238 ||| Stepping ~*~*~tactically~*~*~ (outnumbered).
  8239 | Lair:4   | 8239 ||| Stepping ~*~*~tactically~*~*~ (outnumbered).
  8240 | Lair:4   | 8240 ||| Stepping ~*~*~tactically~*~*~ (outnumbered).
  8243 | Lair:4   | 8243 ||| Stepping ~*~*~tactically~*~*~ (outnumbered).
  8245 | Lair:4   | 8245 ||| Stepping ~*~*~tactically~*~*~ (outnumbered).
  8249 | Lair:4   | 8249 ||| Stepping ~*~*~tactically~*~*~ (outnumbered).
  8250 | Lair:4   | 8250 ||| Stepping ~*~*~tactically~*~*~ (outnumbered).
  8253 | Lair:4   | 8253 ||| Stepping ~*~*~tactically~*~*~ (outnumbered).
  8254 | Lair:4   | 8254 ||| Stepping ~*~*~tactically~*~*~ (outnumbered).
  8255 | Lair:4   | 8255 ||| Stepping ~*~*~tactically~*~*~ (outnumbered).
  8257 | Lair:4   | 8257 ||| Stepping ~*~*~tactically~*~*~ (outnumbered).
  8259 | Lair:4   | 8259 ||| Stepping ~*~*~tactically~*~*~ (outnumbered).
  8260 | Lair:4   | 8260 ||| Stepping ~*~*~tactically~*~*~ (outnumbered).
  8261 | Lair:4   | 8261 ||| Stepping ~*~*~tactically~*~*~ (outnumbered).
  8262 | Lair:4   | 8262 ||| Stepping ~*~*~tactically~*~*~ (outnumbered).
  8284 | Lair:4   | Noticed a four-headed hydra
  8285 | Lair:4   | 8285 ||| FLEEEEING.
  8426 | Lair:4   | 8426 ||| Stepping ~*~*~tactically~*~*~ (stealth).
  8427 | Lair:4   | 8427 ||| Stepping ~*~*~tactically~*~*~ (stealth).
  8428 | Lair:4   | 8428 ||| Stepping ~*~*~tactically~*~*~ (stealth).
  8430 | Lair:4   | 8430 ||| INVOKING Fiery Armour.
  8435 | Lair:4   | Killed a seven-headed hydra
  8436 | Lair:4   | Reached skill level 15 in Unarmed Combat
  8443 | Lair:4   | 8443 ||| Stepping ~*~*~tactically~*~*~ (stealth).
  8451 | Lair:4   | 8451 ||| Stepping ~*~*~tactically~*~*~ (stealth).
  8452 | Lair:4   | 8452 ||| Stepping ~*~*~tactically~*~*~ (stealth).
  8456 | Lair:4   | 8456 ||| Stepping ~*~*~tactically~*~*~ (outnumbered).
  8495 | Lair:4   | Found a staircase to the Slime Pits.
  8497 | Lair:4   | 8497 ||| PLANNING CONVERSION TO OKAWARU
  8497 | Lair:4   | Found a viscous altar of Jiyva.
  8660 | D:4      | Fell from the grace of Ignis
  8660 | D:4      | Became a worshipper of Warmaster Okawaru
  8661 | D:4      | 8661 ||| PLANNING LAIR
  9062 | Lair:4   | Identified the +2 robe "Marphe" {rN+ Regen+ Int+2}
  9218 | Lair:4   | Noticed a five-headed hydra
  9229 | Lair:4   | Killed a 12-headed hydra
  9341 | Lair:4   | 9341 ||| Stepping ~*~*~tactically~*~*~ (stealth).
  9347 | Lair:4   | Reached * piety under Okawaru
  9469 | Lair:5   | Entered Level 5 of the Lair of Beasts
  9475 | Lair:5   | 9475 ||| Stepping ~*~*~tactically~*~*~ (stealth).
  9477 | Lair:5   | 9477 ||| INVOKING Heroism.
  9478 | Lair:5   | 9478 ||| Stepping ~*~*~tactically~*~*~ (stealth).
  9482 | Lair:5   | 9482 ||| INVOKING Heroism.
  9483 | Lair:5   | 9483 ||| Stepping ~*~*~tactically~*~*~ (outnumbered).
  9490 | Lair:5   | 9490 ||| Stepping ~*~*~tactically~*~*~ (outnumbered).
  9493 | Lair:5   | 9493 ||| Stepping ~*~*~tactically~*~*~ (outnumbered).
  9494 | Lair:5   | 9494 ||| Stepping ~*~*~tactically~*~*~ (outnumbered).
  9495 | Lair:5   | 9495 ||| INVOKING Heroism.
  9498 | Lair:5   | 9498 ||| Stepping ~*~*~tactically~*~*~ (outnumbered).
  9499 | Lair:5   | 9499 ||| Stepping ~*~*~tactically~*~*~ (outnumbered).
  9500 | Lair:5   | 9500 ||| Stepping ~*~*~tactically~*~*~ (outnumbered).
  9504 | Lair:5   | Reached skill level 1 in Invocations
  9508 | Lair:5   | Reached ** piety under Okawaru
  9509 | Lair:5   | 9509 ||| INVOKING Heroism.
  9524 | Lair:5   | Reached XP level 13. HP: 43/120 MP: 13/13
  9538 | Lair:5   | 9538 ||| INVOKING Heroism.
  9646 | Lair:5   | 9646 ||| INVOKING Heroism.
  9665 | Lair:5   | 9665 ||| INVOKING Heroism.
  9693 | Lair:5   | Reached skill level 3 in Invocations
  9700 | Lair:5   | 9700 ||| INVOKING Heroism.
  9724 | Lair:5   | 9724 ||| INVOKING Heroism.
  9731 | Lair:5   | 9731 ||| Stepping ~*~*~tactically~*~*~ (outnumbered).
  9734 | Lair:5   | 9734 ||| Stepping ~*~*~tactically~*~*~ (outnumbered).
  9739 | Lair:5   | 9739 ||| Stepping ~*~*~tactically~*~*~ (outnumbered).
  9741 | Lair:5   | 9741 ||| Stepping ~*~*~tactically~*~*~ (outnumbered).
  9743 | Lair:5   | 9743 ||| Stepping ~*~*~tactically~*~*~ (outnumbered).
  9744 | Lair:5   | 9744 ||| Stepping ~*~*~tactically~*~*~ (outnumbered).
  9746 | Lair:5   | 9746 ||| Stepping ~*~*~tactically~*~*~ (outnumbered).
  9747 | Lair:5   | 9747 ||| Stepping ~*~*~tactically~*~*~ (outnumbered).
  9748 | Lair:5   | 9748 ||| Stepping ~*~*~tactically~*~*~ (outnumbered).
  9751 | Lair:5   | 9751 ||| Stepping ~*~*~tactically~*~*~ (outnumbered).
  9755 | Lair:5   | 9755 ||| Stepping ~*~*~tactically~*~*~ (outnumbered).
  9756 | Lair:5   | 9756 ||| INVOKING Heroism.
  9758 | Lair:5   | 9758 ||| Stepping ~*~*~tactically~*~*~ (outnumbered).
  9760 | Lair:5   | 9760 ||| Stepping ~*~*~tactically~*~*~ (outnumbered).
  9761 | Lair:5   | 9761 ||| Stepping ~*~*~tactically~*~*~ (outnumbered).
  9762 | Lair:5   | Reached *** piety under Okawaru
  9786 | Lair:5   | 9786 ||| INVOKING Heroism.
  9809 | Lair:5   | 9809 ||| INVOKING Heroism.
  9828 | Lair:5   | 9828 ||| INVOKING Heroism.
  9854 | Lair:5   | 9854 ||| INVOKING Heroism.
  9861 | Lair:5   | 9861 ||| Stepping ~*~*~tactically~*~*~ (outnumbered).
  9871 | Lair:5   | 9871 ||| Stepping ~*~*~tactically~*~*~ (outnumbered).
  9873 | Lair:5   | 9873 ||| Stepping ~*~*~tactically~*~*~ (outnumbered).
  9880 | Lair:5   | Reached **** piety under Okawaru
  9881 | Lair:5   | Reached skill level 16 in Unarmed Combat
  9881 | Lair:5   | 9881 ||| Stepping ~*~*~tactically~*~*~ (outnumbered).
  9882 | Lair:5   | 9882 ||| Stepping ~*~*~tactically~*~*~ (outnumbered).
  9883 | Lair:5   | 9883 ||| Stepping ~*~*~tactically~*~*~ (outnumbered).
  9884 | Lair:5   | 9884 ||| Stepping ~*~*~tactically~*~*~ (outnumbered).
  9885 | Lair:5   | 9885 ||| INVOKING Heroism.
  9886 | Lair:5   | 9886 ||| Stepping ~*~*~tactically~*~*~ (outnumbered).
  9887 | Lair:5   | HP: 28/120 [nine-headed hydra (8)]
  9888 | Lair:5   | 9888 ||| READING 7 scrolls of teleportation.
  9888 | Lair:5   | HP: 3/120 [nine-headed hydra (11)]
  9889 | Lair:5   | 9889 ||| DRINKING 6 potions of heal wounds.
  9890 | Lair:5   | 9890 ||| DRINKING 5 potions of heal wounds.
  9891 | Lair:5   | 9891 ||| Stepping ~*~*~tactically~*~*~ (outnumbered).
  9892 | Lair:5   | 9892 ||| DRINKING 4 potions of heal wounds.
  9895 | Lair:5   | HP: 22/120 [cane toad (17)]
  9896 | Lair:5   | 9896 ||| READING 6 scrolls of teleportation.
  9897 | Lair:5   | 9897 ||| DRINKING 3 potions of heal wounds.
  9902 | Lair:5   | HP: 29/120 [electric eel/bolt of electricity (3)]
  9903 | Lair:5   | 9903 ||| READING 5 scrolls of teleportation.
  9904 | Lair:5   | 9904 ||| DRINKING 2 potions of heal wounds.
  9905 | Lair:5   | 9905 ||| Stepping ~*~*~tactically~*~*~ (outnumbered).
  9912 | Lair:5   | 9912 ||| Stepping ~*~*~tactically~*~*~ (outnumbered).
  9913 | Lair:5   | 9913 ||| Stepping ~*~*~tactically~*~*~ (outnumbered).
  9914 | Lair:5   | 9914 ||| Stepping ~*~*~tactically~*~*~ (outnumbered).
  9915 | Lair:5   | 9915 ||| Stepping ~*~*~tactically~*~*~ (outnumbered).
  9916 | Lair:5   | HP: 20/120 [nine-headed hydra (12)]
  9917 | Lair:5   | 9917 ||| READING 4 scrolls of teleportation.
  9917 | Lair:5   | HP: 6/120 [nine-headed hydra (4)]
  9918 | Lair:5   | 9918 ||| DRINKING potion of heal wounds.
  9919 | Lair:5   | 9919 ||| INVOKING Heroism.
  9926 | Lair:5   | 9926 ||| READING 3 scrolls of teleportation.
  9946 | Lair:5   | 9946 ||| INVOKING Heroism.
  9950 | Lair:5   | 9950 ||| FLEEEEING.
  9960 | Lair:5   | 9960 ||| STAIRDANCE
 10102 | Lair:5   | Found a snail-covered altar of Cheibriados.
 10103 | Lair:5   | 10103 ||| FLEEEEING.
 10105 | Lair:5   | 10105 ||| FLEEEEING.
 10107 | Lair:5   | 10107 ||| INVOKING Heroism.
 10109 | Lair:5   | 10109 ||| Stepping ~*~*~tactically~*~*~ (outnumbered).
 10154 | Lair:5   | 10154 ||| INVOKING Heroism.
 10165 | Lair:5   | 10165 ||| Stepping ~*~*~tactically~*~*~ (outnumbered).
 10169 | Lair:5   | 10169 ||| Stepping ~*~*~tactically~*~*~ (outnumbered).
 10188 | Lair:5   | Reached ***** piety under Okawaru
 10190 | Lair:5   | 10190 ||| INVOKING Heroism.
 10214 | Lair:5   | 10214 ||| INVOKING Heroism.
 10217 | Lair:5   | 10217 ||| Stepping ~*~*~tactically~*~*~ (outnumbered).
 10218 | Lair:5   | 10218 ||| Stepping ~*~*~tactically~*~*~ (outnumbered).
 10221 | Lair:5   | 10221 ||| Stepping ~*~*~tactically~*~*~ (outnumbered).
 10449 | Lair:5   | Identified the +0 tower shield "Piam Sai" {rF+ Will+}
                  | (Okawaru gifted it to you on level 5 of the Lair of Beasts)
 10449 | Lair:5   | Received a gift from Okawaru
 10484 | Lair:5   | Reached skill level 6 in Invocations
 10582 | Lair:5   | 10582 ||| INVOKING Heroism.
 10583 | Lair:5   | 10583 ||| INVOKING Finesse.
 11070 | Lair:5   | 11070 ||| PLANNING D:1-11
 11070 | Lair:5   | 11070 ||| UPGRADING to +2 hat.
 11075 | Lair:5   | 11075 ||| UPGRADING to +0 tower shield "Piam Sai" {rF+
                  | Will+}.
 11085 | Lair:5   | 11085 ||| DROPPING +0 kite shield.
 11234 | D:9      | 11234 ||| Stepping ~*~*~tactically~*~*~ (hiding).
 11235 | D:9      | 11235 ||| Stepping ~*~*~tactically~*~*~ (hiding).
 11238 | D:9      | 11238 ||| INVOKING Heroism.
 11242 | D:9      | 11242 ||| Stepping ~*~*~tactically~*~*~ (outnumbered).
 11243 | D:9      | 11243 ||| Stepping ~*~*~tactically~*~*~ (outnumbered).
 11245 | D:9      | 11245 ||| Stepping ~*~*~tactically~*~*~ (outnumbered).
 11246 | D:9      | 11246 ||| Stepping ~*~*~tactically~*~*~ (outnumbered).
 11247 | D:9      | 11247 ||| Stepping ~*~*~tactically~*~*~ (outnumbered).
 11248 | D:9      | 11248 ||| Stepping ~*~*~tactically~*~*~ (outnumbered).
 11249 | D:9      | 11249 ||| Stepping ~*~*~tactically~*~*~ (outnumbered).
 11250 | D:9      | 11250 ||| Stepping ~*~*~tactically~*~*~ (outnumbered).
 11251 | D:9      | 11251 ||| Stepping ~*~*~tactically~*~*~ (outnumbered).
 11252 | D:9      | 11252 ||| Stepping ~*~*~tactically~*~*~ (outnumbered).
 11253 | D:9      | 11253 ||| Stepping ~*~*~tactically~*~*~ (outnumbered).
 11254 | D:9      | 11254 ||| Stepping ~*~*~tactically~*~*~ (outnumbered).
 11259 | D:9      | 11259 ||| INVOKING Heroism.
 11266 | D:9      | 11266 ||| Stepping ~*~*~tactically~*~*~ (outnumbered).
 11278 | D:9      | 11278 ||| INVOKING Heroism.
 11285 | D:9      | 11285 ||| Stepping ~*~*~tactically~*~*~ (outnumbered).
 11314 | D:9      | 11314 ||| INVOKING Heroism.
 11330 | D:9      | 11330 ||| Stepping ~*~*~tactically~*~*~ (outnumbered).
 11331 | D:9      | 11331 ||| Stepping ~*~*~tactically~*~*~ (outnumbered).
 11332 | D:9      | 11332 ||| Stepping ~*~*~tactically~*~*~ (outnumbered).
 11333 | D:9      | 11333 ||| Stepping ~*~*~tactically~*~*~ (outnumbered).
 11334 | D:9      | 11334 ||| Stepping ~*~*~tactically~*~*~ (outnumbered).
 11335 | D:9      | 11335 ||| Stepping ~*~*~tactically~*~*~ (outnumbered).
 11336 | D:9      | 11336 ||| Stepping ~*~*~tactically~*~*~ (outnumbered).
 11338 | D:9      | 11338 ||| INVOKING Heroism.
 11339 | D:9      | 11339 ||| Stepping ~*~*~tactically~*~*~ (outnumbered).
 11340 | D:9      | 11340 ||| Stepping ~*~*~tactically~*~*~ (outnumbered).
 11341 | D:9      | 11341 ||| Stepping ~*~*~tactically~*~*~ (outnumbered).
 11342 | D:9      | 11342 ||| Stepping ~*~*~tactically~*~*~ (outnumbered).
 11343 | D:9      | 11343 ||| Stepping ~*~*~tactically~*~*~ (outnumbered).
 11344 | D:9      | 11344 ||| Stepping ~*~*~tactically~*~*~ (outnumbered).
 11345 | D:9      | 11345 ||| Stepping ~*~*~tactically~*~*~ (outnumbered).
 11346 | D:9      | 11346 ||| Stepping ~*~*~tactically~*~*~ (outnumbered).
 11347 | D:9      | 11347 ||| Stepping ~*~*~tactically~*~*~ (outnumbered).
 11348 | D:9      | 11348 ||| Stepping ~*~*~tactically~*~*~ (outnumbered).
 11354 | D:9      | 11354 ||| Stepping ~*~*~tactically~*~*~ (outnumbered).
 11471 | D:9      | Found Amistredo's General Store.
 11481 | D:9      | 11481 ||| BUYING potion of curing (36 gold).
 11481 | D:9      | Bought a potion of curing for 36 gold pieces
 11481 | D:9      | 11481 ||| BUYING scroll of enchant weapon (90 gold).
 11481 | D:9      | Bought a scroll of enchant weapon for 90 gold pieces
 11481 | D:9      | 11481 ||| BUYING scroll of identify (24 gold).
 11481 | D:9      | Bought a scroll of identify for 24 gold pieces
 11481 | D:9      | 11481 ||| BUYING scroll of identify (24 gold).
 11481 | D:9      | Bought a scroll of identify for 24 gold pieces
 11481 | D:9      | 11481 ||| BUYING scroll of teleportation (36 gold).
 11481 | D:9      | Bought a scroll of teleportation for 36 gold pieces
 11549 | D:9      | Found Fedaetej's General Store.
 11552 | D:9      | 11552 ||| BUYING scroll of enchant weapon (105 gold).
 11552 | D:9      | Bought a scroll of enchant weapon for 105 gold pieces
 11552 | D:9      | 11552 ||| BUYING scroll of teleportation (42 gold).
 11552 | D:9      | Bought a scroll of teleportation for 42 gold pieces
 11625 | D:9      | 11625 ||| DROPPING +6 ring of strength.
 11641 | D:10     | Entered Level 10 of the Dungeon
 11643 | D:10     | 11643 ||| INVOKING Heroism.
 11664 | D:10     | 11664 ||| INVOKING Heroism.
 11731 | D:10     | 11731 ||| Stepping ~*~*~tactically~*~*~ (hiding).
 11767 | D:10     | 11767 ||| INVOKING Heroism.
 11810 | D:10     | Found a blossoming altar of Fedhas.
 11911 | D:10     | Found a glowing golden altar of the Shining One.
 11994 | D:10     | 11994 ||| Stepping ~*~*~tactically~*~*~ (stealth).
 11998 | D:10     | 11998 ||| Stepping ~*~*~tactically~*~*~ (stealth).
 11999 | D:10     | 11999 ||| Stepping ~*~*~tactically~*~*~ (stealth).
 12004 | D:10     | 12004 ||| INVOKING Heroism.
 12006 | D:10     | Reached XP level 14. HP: 133/133 MP: 18/18
 12010 | D:10     | 12010 ||| Stepping ~*~*~tactically~*~*~ (outnumbered).
 12011 | D:10     | 12011 ||| Stepping ~*~*~tactically~*~*~ (outnumbered).
 12012 | D:10     | 12012 ||| Stepping ~*~*~tactically~*~*~ (outnumbered).
 12013 | D:10     | 12013 ||| Stepping ~*~*~tactically~*~*~ (outnumbered).
 12014 | D:10     | 12014 ||| Stepping ~*~*~tactically~*~*~ (outnumbered).
 12015 | D:10     | 12015 ||| Stepping ~*~*~tactically~*~*~ (outnumbered).
 12016 | D:10     | 12016 ||| Stepping ~*~*~tactically~*~*~ (outnumbered).
 12017 | D:10     | 12017 ||| Stepping ~*~*~tactically~*~*~ (outnumbered).
 12021 | D:10     | 12021 ||| Stepping ~*~*~tactically~*~*~ (outnumbered).
 12022 | D:10     | 12022 ||| Stepping ~*~*~tactically~*~*~ (outnumbered).
 12023 | D:10     | 12023 ||| Stepping ~*~*~tactically~*~*~ (outnumbered).
 12024 | D:10     | 12024 ||| Stepping ~*~*~tactically~*~*~ (outnumbered).
 12025 | D:10     | 12025 ||| Stepping ~*~*~tactically~*~*~ (outnumbered).
 12026 | D:10     | 12026 ||| Stepping ~*~*~tactically~*~*~ (outnumbered).
 12027 | D:10     | 12027 ||| Stepping ~*~*~tactically~*~*~ (outnumbered).
 12028 | D:10     | 12028 ||| Stepping ~*~*~tactically~*~*~ (outnumbered).
 12029 | D:10     | 12029 ||| Stepping ~*~*~tactically~*~*~ (outnumbered).
 12030 | D:10     | 12030 ||| Stepping ~*~*~tactically~*~*~ (outnumbered).
 12031 | D:10     | 12031 ||| Stepping ~*~*~tactically~*~*~ (outnumbered).
 12032 | D:10     | 12032 ||| Stepping ~*~*~tactically~*~*~ (outnumbered).
 12033 | D:10     | 12033 ||| Stepping ~*~*~tactically~*~*~ (outnumbered).
 12169 | D:10     | 12169 ||| Stepping ~*~*~tactically~*~*~ (stealth).
 12173 | D:10     | 12173 ||| Stepping ~*~*~tactically~*~*~ (stealth).
 12176 | D:10     | 12176 ||| Stepping ~*~*~tactically~*~*~ (outnumbered).
 12177 | D:10     | 12177 ||| Stepping ~*~*~tactically~*~*~ (outnumbered).
 12178 | D:10     | 12178 ||| Stepping ~*~*~tactically~*~*~ (outnumbered).
 12179 | D:10     | 12179 ||| Stepping ~*~*~tactically~*~*~ (outnumbered).
 12180 | D:10     | 12180 ||| Stepping ~*~*~tactically~*~*~ (outnumbered).
 12184 | D:10     | 12184 ||| Stepping ~*~*~tactically~*~*~ (outnumbered).
 12185 | D:10     | 12185 ||| Stepping ~*~*~tactically~*~*~ (outnumbered).
 12186 | D:10     | 12186 ||| Stepping ~*~*~tactically~*~*~ (outnumbered).
 12188 | D:10     | 12188 ||| Stepping ~*~*~tactically~*~*~ (outnumbered).
 12189 | D:10     | 12189 ||| Stepping ~*~*~tactically~*~*~ (outnumbered).
 12190 | D:10     | 12190 ||| Stepping ~*~*~tactically~*~*~ (outnumbered).
 12191 | D:10     | 12191 ||| Stepping ~*~*~tactically~*~*~ (outnumbered).
 12192 | D:10     | 12192 ||| Stepping ~*~*~tactically~*~*~ (outnumbered).
 12193 | D:10     | 12193 ||| Stepping ~*~*~tactically~*~*~ (outnumbered).
 12272 | D:10     | You fall into a shaft and drop 1 floor!
 12288 | D:11     | 12288 ||| INVOKING Heroism.
 12293 | D:11     | 12293 ||| Stepping ~*~*~tactically~*~*~ (outnumbered).
 12294 | D:11     | 12294 ||| Stepping ~*~*~tactically~*~*~ (outnumbered).
 12295 | D:11     | 12295 ||| Stepping ~*~*~tactically~*~*~ (outnumbered).
 12296 | D:11     | 12296 ||| Stepping ~*~*~tactically~*~*~ (outnumbered).
 12297 | D:11     | 12297 ||| Stepping ~*~*~tactically~*~*~ (outnumbered).
 12298 | D:11     | 12298 ||| Stepping ~*~*~tactically~*~*~ (outnumbered).
 12299 | D:11     | 12299 ||| Stepping ~*~*~tactically~*~*~ (outnumbered).
 12300 | D:11     | 12300 ||| Stepping ~*~*~tactically~*~*~ (outnumbered).
 12301 | D:11     | 12301 ||| Stepping ~*~*~tactically~*~*~ (stealth).
 12302 | D:11     | 12302 ||| Stepping ~*~*~tactically~*~*~ (outnumbered).
 12303 | D:11     | 12303 ||| Stepping ~*~*~tactically~*~*~ (stealth).
 12305 | D:11     | 12305 ||| Stepping ~*~*~tactically~*~*~ (outnumbered).
 12310 | D:11     | Noticed Maurice
 12311 | D:11     | 12311 ||| Stepping ~*~*~tactically~*~*~ (hiding).
 12312 | D:11     | 12312 ||| INVOKING Heroism.
 12316 | D:11     | 12316 ||| Stepping ~*~*~tactically~*~*~ (outnumbered).
 12317 | D:11     | 12317 ||| Stepping ~*~*~tactically~*~*~ (outnumbered).
 12318 | D:11     | 12318 ||| Stepping ~*~*~tactically~*~*~ (outnumbered).
 12318 | D:11     | Noticed Snorg
 12319 | D:11     | 12319 ||| INVOKING Finesse.
 12320 | D:11     | 12320 ||| Stepping ~*~*~tactically~*~*~ (outnumbered).
 12323 | D:11     | 12323 ||| Stepping ~*~*~tactically~*~*~ (outnumbered).
 12324 | D:11     | 12324 ||| Stepping ~*~*~tactically~*~*~ (outnumbered).
 12325 | D:11     | 12325 ||| Stepping ~*~*~tactically~*~*~ (outnumbered).
 12326 | D:11     | 12326 ||| Stepping ~*~*~tactically~*~*~ (outnumbered).
 12327 | D:11     | 12327 ||| Stepping ~*~*~tactically~*~*~ (outnumbered).
 12328 | D:11     | 12328 ||| Stepping ~*~*~tactically~*~*~ (outnumbered).
 12329 | D:11     | 12329 ||| Stepping ~*~*~tactically~*~*~ (outnumbered).
 12332 | D:11     | 12332 ||| Stepping ~*~*~tactically~*~*~ (outnumbered).
 12333 | D:11     | 12333 ||| Stepping ~*~*~tactically~*~*~ (outnumbered).
 12335 | D:11     | Killed Snorg
 12337 | D:11     | 12337 ||| Stepping ~*~*~tactically~*~*~ (outnumbered).
 12339 | D:11     | 12339 ||| Stepping ~*~*~tactically~*~*~ (hiding).
 12347 | D:11     | Killed Maurice
 12477 | D:11     | 12477 ||| INVOKING Heroism.
 12603 | D:11     | Found a portal to a secret trove of treasure.
 12712 | D:11     | 12712 ||| Stepping ~*~*~tactically~*~*~ (outnumbered).
 12720 | D:11     | 12720 ||| INVOKING Heroism.
 12857 | D:11     | 12857 ||| Stepping ~*~*~tactically~*~*~ (stealth).
 12891 | D:11     | 12891 ||| Stepping ~*~*~tactically~*~*~ (stealth).
 12968 | D:11     | You fall into a shaft and drop 1 floor!
 12974 | D:12     | 12974 ||| Stepping ~*~*~tactically~*~*~ (stealth).
 12976 | D:12     | 12976 ||| Stepping ~*~*~tactically~*~*~ (hiding).
 13032 | D:12     | 13032 ||| Stepping ~*~*~tactically~*~*~ (outnumbered).
 13052 | D:12     | 13052 ||| DROPPING ring of see invisible.
 13053 | D:12     | 13053 ||| DRINKING 2 smoky orange potions.
 13094 | D:12     | 13094 ||| READING 12 scrolls of identify.
 13094 | D:12     | 13094 ||| IDENTIFYING coppery potion
 13095 | D:12     | 13095 ||| DROPPING potion of invisibility.
 13096 | D:12     | 13096 ||| DROPPING potion of lignification.
 13207 | D:11     | 13207 ||| PLANNING D
 13229 | D:12     | 13229 ||| STAIRDANCE
 13248 | D:12     | 13248 ||| STAIRDANCE
 13313 | D:12     | 13313 ||| Stepping ~*~*~tactically~*~*~ (hiding).
 13356 | D:12     | You fall into a shaft and drop 1 floor!
 13356 | D:13     | Was forgiven by Ignis
 13469 | D:13     | 13469 ||| Stepping ~*~*~tactically~*~*~ (hiding).
 13477 | D:13     | Received a gift from Okawaru
 13617 | D:12     | 13617 ||| Stepping ~*~*~tactically~*~*~ (stealth).
 13620 | D:12     | 13620 ||| INVOKING Heroism.
 13669 | D:12     | 13669 ||| INVOKING Heroism.
 13678 | D:12     | 13678 ||| READING 9 scrolls of teleportation.
 13682 | D:12     | 13682 ||| FLEEEEING.
 13683 | D:12     | 13683 ||| FLEEEEING.
 13684 | D:12     | 13684 ||| FLEEEEING.
 13685 | D:12     | 13685 ||| FLEEEEING.
 13686 | D:12     | 13686 ||| FLEEEEING.
 13688 | D:12     | 13688 ||| STAIRDANCE
 13728 | D:12     | Reached skill level 12 in Shields
 13807 | D:12     | 13807 ||| Stepping ~*~*~tactically~*~*~ (stealth).
 13809 | D:12     | 13809 ||| Stepping ~*~*~tactically~*~*~ (hiding).
 13810 | D:12     | Noticed Frances
 13811 | D:12     | 13811 ||| INVOKING Heroism.
 13818 | D:12     | Killed Frances
 13821 | D:12     | 13821 ||| Stepping ~*~*~tactically~*~*~ (outnumbered).
 13825 | D:12     | 13825 ||| Stepping ~*~*~tactically~*~*~ (hiding).
 13832 | D:12     | 13832 ||| Stepping ~*~*~tactically~*~*~ (outnumbered).
 13833 | D:12     | 13833 ||| Stepping ~*~*~tactically~*~*~ (outnumbered).
 13834 | D:12     | 13834 ||| Stepping ~*~*~tactically~*~*~ (outnumbered).
 13835 | D:12     | 13835 ||| Stepping ~*~*~tactically~*~*~ (outnumbered).
 13836 | D:12     | 13836 ||| Stepping ~*~*~tactically~*~*~ (outnumbered).
 13837 | D:12     | 13837 ||| Stepping ~*~*~tactically~*~*~ (outnumbered).
 13838 | D:12     | 13838 ||| Stepping ~*~*~tactically~*~*~ (outnumbered).
 13839 | D:12     | 13839 ||| Stepping ~*~*~tactically~*~*~ (outnumbered).
 13850 | D:12     | 13850 ||| Stepping ~*~*~tactically~*~*~ (outnumbered).
 13856 | D:12     | 13856 ||| INVOKING Heroism.
 13909 | D:12     | Found a staircase to the Orcish Mines.
 13912 | D:12     | Received a gift from Okawaru
 14166 | D:12     | 14166 ||| Stepping ~*~*~tactically~*~*~ (hiding).
 14733 | D:12     | 14733 ||| FLEEEEING.
 14857 | D:12     | 14857 ||| FLEEEEING.
 14899 | D:12     | 14899 ||| INVOKING Heroism.
 14921 | D:12     | 14921 ||| FLEEEEING.
 14921 | D:12     | HP: 30/133 [oklob sapling/splash of acid (21)]
 14922 | D:12     | 14922 ||| FLEEEEING.
 15026 | D:12     | 15026 ||| INVOKING Heroism.
 15046 | D:12     | 15046 ||| FLEEEEING.
 15047 | D:12     | 15047 ||| FLEEEEING.
 15048 | D:12     | 15048 ||| FLEEEEING.
 15089 | D:12     | 15089 ||| INVOKING Heroism.
 15238 | D:12     | 15238 ||| Stepping ~*~*~tactically~*~*~ (stealth).
 15244 | D:12     | Received a gift from Okawaru
 15268 | D:12     | 15268 ||| READING 11 scrolls of identify.
 15268 | D:12     | 15268 ||| IDENTIFYING silvery potion
 15335 | D:13     | 15335 ||| FLEEEEING.
 15336 | D:13     | 15336 ||| FLEEEEING.
 15338 | D:13     | 15338 ||| FLEEEEING.
 15339 | D:13     | 15339 ||| FLEEEEING.
 15340 | D:13     | 15340 ||| FLEEEEING.
 15391 | D:13     | Identified the +7 spear of Prescription {flame, *Rage Int+3
                  | Dex+7}
 15481 | D:13     | 15481 ||| Stepping ~*~*~tactically~*~*~ (hiding).
 15483 | D:13     | 15483 ||| Stepping ~*~*~tactically~*~*~ (hiding).
 15492 | D:13     | 15492 ||| INVOKING Heroism.
 15644 | D:13     | Identified the +1 ring mail of Follow the Leader {Stlth+}
 15726 | D:13     | 15726 ||| Stepping ~*~*~tactically~*~*~ (hiding).
 15732 | D:13     | Received a gift from Okawaru
 15911 | D:13     | Reached skill level 9 in Invocations
 16150 | D:14     | 16150 ||| Stepping ~*~*~tactically~*~*~ (stealth).
 16151 | D:14     | 16151 ||| Stepping ~*~*~tactically~*~*~ (stealth).
 16304 | D:14     | 16304 ||| INVOKING Heroism.
 16305 | D:14     | 16305 ||| Stepping ~*~*~tactically~*~*~ (outnumbered).
 16329 | D:14     | 16329 ||| Stepping ~*~*~tactically~*~*~ (outnumbered).
 16335 | D:14     | Identified the +1 animal skin of Dishonour {rElec Int+2
                  | Dex+7} (Okawaru gifted it to you on level 14 of the
                  | Dungeon)
 16335 | D:14     | Received a gift from Okawaru
 16342 | D:14     | 16342 ||| Stepping ~*~*~tactically~*~*~ (outnumbered).
 16343 | D:14     | 16343 ||| Stepping ~*~*~tactically~*~*~ (outnumbered).
 16344 | D:14     | 16344 ||| Stepping ~*~*~tactically~*~*~ (outnumbered).
 16345 | D:14     | 16345 ||| Stepping ~*~*~tactically~*~*~ (outnumbered).
 16346 | D:14     | 16346 ||| Stepping ~*~*~tactically~*~*~ (outnumbered).
 16347 | D:14     | 16347 ||| Stepping ~*~*~tactically~*~*~ (outnumbered).
 16366 | D:14     | 16366 ||| INVOKING Heroism.
 16367 | D:14     | 16367 ||| Stepping ~*~*~tactically~*~*~ (outnumbered).
 16368 | D:14     | 16368 ||| Stepping ~*~*~tactically~*~*~ (outnumbered).
 16369 | D:14     | 16369 ||| Stepping ~*~*~tactically~*~*~ (outnumbered).
 16370 | D:14     | 16370 ||| Stepping ~*~*~tactically~*~*~ (outnumbered).
 16408 | D:14     | Found a gate to the Vaults.
 16409 | D:14     | 16409 ||| INVOKING Heroism.
 16410 | D:14     | 16410 ||| Stepping ~*~*~tactically~*~*~ (outnumbered).
 16411 | D:14     | 16411 ||| Stepping ~*~*~tactically~*~*~ (outnumbered).
 16412 | D:14     | 16412 ||| Stepping ~*~*~tactically~*~*~ (outnumbered).
 16413 | D:14     | 16413 ||| Stepping ~*~*~tactically~*~*~ (hiding).
 16414 | D:14     | 16414 ||| Stepping ~*~*~tactically~*~*~ (outnumbered).
 16415 | D:14     | 16415 ||| Stepping ~*~*~tactically~*~*~ (hiding).
 16416 | D:14     | 16416 ||| Stepping ~*~*~tactically~*~*~ (outnumbered).
 16426 | D:14     | 16426 ||| Stepping ~*~*~tactically~*~*~ (outnumbered).
 16494 | D:14     | 16494 ||| INVOKING Heroism.
 16502 | D:14     | 16502 ||| Stepping ~*~*~tactically~*~*~ (outnumbered).
 16551 | D:14     | 16551 ||| INVOKING Heroism.
 16559 | D:14     | 16559 ||| Stepping ~*~*~tactically~*~*~ (outnumbered).
 16560 | D:14     | 16560 ||| Stepping ~*~*~tactically~*~*~ (outnumbered).
 16561 | D:14     | 16561 ||| Stepping ~*~*~tactically~*~*~ (outnumbered).
 16701 | D:14     | 16701 ||| INVOKING Heroism.
 16702 | D:14     | 16702 ||| INVOKING Finesse.
 16834 | D:14     | 16834 ||| Stepping ~*~*~tactically~*~*~ (hiding).
 16874 | D:14     | 16874 ||| INVOKING Heroism.
 16892 | D:14     | 16892 ||| Stepping ~*~*~tactically~*~*~ (outnumbered).
 16907 | D:14     | 16907 ||| INVOKING Heroism.
 16910 | D:14     | 16910 ||| Stepping ~*~*~tactically~*~*~ (outnumbered).
 16912 | D:14     | 16912 ||| Stepping ~*~*~tactically~*~*~ (outnumbered).
 16916 | D:14     | 16916 ||| Stepping ~*~*~tactically~*~*~ (outnumbered).
 16925 | D:14     | 16925 ||| Stepping ~*~*~tactically~*~*~ (outnumbered).
 17327 | D:15     | Entered Level 15 of the Dungeon
 17348 | D:15     | 17348 ||| FLEEEEING.
 17349 | D:15     | 17349 ||| FLEEEEING.
 17350 | D:15     | 17350 ||| FLEEEEING.
 17355 | D:15     | 17355 ||| FLEEEEING.
 17366 | D:15     | 17366 ||| FLEEEEING.
 17367 | D:15     | 17367 ||| FLEEEEING.
 17368 | D:15     | 17368 ||| FLEEEEING.
 17369 | D:15     | 17369 ||| STAIRDANCE
 17456 | D:15     | 17456 ||| Stepping ~*~*~tactically~*~*~ (stealth).
 17463 | D:15     | 17463 ||| Stepping ~*~*~tactically~*~*~ (outnumbered).
 17464 | D:15     | 17464 ||| Stepping ~*~*~tactically~*~*~ (outnumbered).
 17470 | D:15     | Reached XP level 15. HP: 140/140 MP: 21/21
 17523 | D:15     | 17523 ||| FLEEEEING.
 17524 | D:15     | 17524 ||| FLEEEEING.
 17528 | D:15     | 17528 ||| FLEEEEING.
 17533 | D:15     | 17533 ||| FLEEEEING.
 17534 | D:15     | 17534 ||| FLEEEEING.
 17535 | D:15     | 17535 ||| FLEEEEING.
 17536 | D:15     | 17536 ||| FLEEEEING.
 17552 | D:15     | 17552 ||| Stepping ~*~*~tactically~*~*~ (hiding).
 17562 | D:15     | 17562 ||| Stepping ~*~*~tactically~*~*~ (hiding).
 17563 | D:15     | 17563 ||| FLEEEEING.
 17564 | D:15     | 17564 ||| FLEEEEING.
 17565 | D:15     | 17565 ||| FLEEEEING.
 17566 | D:15     | 17566 ||| STAIRDANCE
 17580 | D:15     | 17580 ||| STAIRDANCE
 17589 | D:15     | 17589 ||| STAIRDANCE
 17609 | D:15     | 17609 ||| STAIRDANCE
 17659 | D:15     | 17659 ||| Stepping ~*~*~tactically~*~*~ (hiding).
 17664 | D:15     | 17664 ||| Stepping ~*~*~tactically~*~*~ (hiding).
 17670 | D:15     | 17670 ||| INVOKING Heroism.
 17680 | D:15     | Identified the +4 hat of the Seven Mice {rC- Int-5 Slay+5
                  | Stlth+} (Okawaru gifted it to you on level 15 of the
                  | Dungeon)
 17680 | D:15     | Received a gift from Okawaru
 17707 | D:15     | 17707 ||| Stepping ~*~*~tactically~*~*~ (outnumbered).
 17711 | D:15     | 17711 ||| INVOKING Heroism.
 17836 | D:15     | 17836 ||| Stepping ~*~*~tactically~*~*~ (hiding).
 17895 | D:15     | 17895 ||| INVOKING Heroism.
 17896 | D:15     | 17896 ||| INVOKING Finesse.
 17901 | D:15     | Reached skill level 6 in Throwing
 18025 | D:15     | 18025 ||| Stepping ~*~*~tactically~*~*~ (hiding).
 18211 | D:15     | 18211 ||| Stepping ~*~*~tactically~*~*~ (hiding).
 18466 | D:15     | Found a staircase to the Depths.
 18467 | D:15     | 18467 ||| INVOKING Heroism.
 18478 | D:15     | 18478 ||| Stepping ~*~*~tactically~*~*~ (hiding).
 18783 | D:15     | 18783 ||| PLANNING ORC
 18783 | D:15     | 18783 ||| UPGRADING to +4 hat of the Seven Mice {rC- Int-5
                  | Slay+5 Stlth+}.
 18793 | D:15     | 18793 ||| DROPPING +2 hat.
 18912 | Orc:1    | Entered Level 1 of the Orcish Mines
 18913 | Orc:1    | 18913 ||| INVOKING Heroism.
 18923 | Orc:1    | 18923 ||| Stepping ~*~*~tactically~*~*~ (outnumbered).
 18924 | Orc:1    | 18924 ||| Stepping ~*~*~tactically~*~*~ (outnumbered).
 18925 | Orc:1    | 18925 ||| Stepping ~*~*~tactically~*~*~ (outnumbered).
 18926 | Orc:1    | 18926 ||| Stepping ~*~*~tactically~*~*~ (outnumbered).
 18931 | Orc:1    | 18931 ||| Stepping ~*~*~tactically~*~*~ (outnumbered).
 18943 | Orc:1    | You fall into a shaft and drop 1 floor!
 18943 | Orc:2    | Entered Level 2 of the Orcish Mines
 18954 | Orc:2    | 18954 ||| Stepping ~*~*~tactically~*~*~ (hiding).
 18955 | Orc:2    | 18955 ||| Stepping ~*~*~tactically~*~*~ (hiding).
 18957 | Orc:2    | 18957 ||| Stepping ~*~*~tactically~*~*~ (hiding).
 18968 | Orc:2    | 18968 ||| Stepping ~*~*~tactically~*~*~ (stealth).
 18971 | Orc:2    | 18971 ||| Stepping ~*~*~tactically~*~*~ (stealth).
 18972 | Orc:2    | 18972 ||| Stepping ~*~*~tactically~*~*~ (stealth).
 19252 | Orc:1    | Found a dark tunnel.
 19492 | Orc:2    | 19492 ||| Stepping ~*~*~tactically~*~*~ (hiding).
 19495 | Orc:2    | 19495 ||| Stepping ~*~*~tactically~*~*~ (hiding).
 19620 | Orc:2    | 19620 ||| INVOKING Heroism.
 19621 | Orc:2    | Found Zalicvenn's General Store.
 19623 | Orc:2    | 19623 ||| Stepping ~*~*~tactically~*~*~ (outnumbered).
 19627 | Orc:2    | 19627 ||| Stepping ~*~*~tactically~*~*~ (outnumbered).
 19628 | Orc:2    | 19628 ||| Stepping ~*~*~tactically~*~*~ (outnumbered).
 19629 | Orc:2    | 19629 ||| Stepping ~*~*~tactically~*~*~ (outnumbered).
 19630 | Orc:2    | 19630 ||| Stepping ~*~*~tactically~*~*~ (outnumbered).
 19637 | Orc:2    | 19637 ||| Stepping ~*~*~tactically~*~*~ (outnumbered).
 19639 | Orc:2    | 19639 ||| Stepping ~*~*~tactically~*~*~ (outnumbered).
 19640 | Orc:2    | 19640 ||| Stepping ~*~*~tactically~*~*~ (outnumbered).
 19682 | Orc:2    | 19682 ||| INVOKING Heroism.
 19693 | Orc:2    | Found Borum's General Store.
 19696 | Orc:2    | 19696 ||| Stepping ~*~*~tactically~*~*~ (outnumbered).
 19698 | Orc:2    | 19698 ||| Stepping ~*~*~tactically~*~*~ (outnumbered).
 19739 | Orc:2    | 19739 ||| BUYING 2 potions of might (112 gold).
 19739 | Orc:2    | Bought 2 potions of might for 112 gold pieces
 19739 | Orc:2    | 19739 ||| BUYING potion of curing (42 gold).
 19739 | Orc:2    | Bought a potion of curing for 42 gold pieces
 19739 | Orc:2    | 19739 ||| BUYING potion of heal wounds (70 gold).
 19739 | Orc:2    | Bought a potion of heal wounds for 70 gold pieces
 19739 | Orc:2    | 19739 ||| BUYING scroll of enchant weapon (105 gold).
 19739 | Orc:2    | Bought a scroll of enchant weapon for 105 gold pieces
 19740 | Orc:2    | 19740 ||| Stepping ~*~*~tactically~*~*~ (stealth).
 19741 | Orc:2    | 19741 ||| Stepping ~*~*~tactically~*~*~ (stealth).
 19743 | Orc:2    | 19743 ||| BUYING scroll of enchant armour (105 gold).
 19743 | Orc:2    | Bought a scroll of enchant armour for 105 gold pieces
 19743 | Orc:2    | 19743 ||| BUYING scroll of teleportation (42 gold).
 19743 | Orc:2    | Bought a scroll of teleportation for 42 gold pieces
 19743 | Orc:2    | 19743 ||| READING scroll of enchant armour.
 19743 | Orc:2    | 19743 ||| ENCHANTING +1 cloak.
 19748 | Orc:2    | 19748 ||| Stepping ~*~*~tactically~*~*~ (hiding).
 19795 | Orc:2    | 19795 ||| Stepping ~*~*~tactically~*~*~ (hiding).
 19803 | Orc:2    | 19803 ||| INVOKING Heroism.
 19814 | Orc:2    | Received a gift from Okawaru
 19833 | Orc:2    | 19833 ||| Stepping ~*~*~tactically~*~*~ (hiding).
 19837 | Orc:2    | Reached skill level 15 in Shields
 19844 | Orc:2    | 19844 ||| Stepping ~*~*~tactically~*~*~ (hiding).
 19847 | Orc:2    | 19847 ||| INVOKING Heroism.
 19876 | Orc:2    | 19876 ||| Stepping ~*~*~tactically~*~*~ (hiding).
 19883 | Orc:2    | 19883 ||| INVOKING Heroism.
 19884 | Orc:2    | 19884 ||| Stepping ~*~*~tactically~*~*~ (outnumbered).
 19897 | Orc:2    | 19897 ||| Stepping ~*~*~tactically~*~*~ (outnumbered).
 19899 | Orc:2    | 19899 ||| Stepping ~*~*~tactically~*~*~ (outnumbered).
 19907 | Orc:2    | Received a gift from Okawaru
 19914 | Orc:2    | Received a gift from Okawaru
 19926 | Orc:2    | 19926 ||| Stepping ~*~*~tactically~*~*~ (outnumbered).
 19928 | Orc:2    | 19928 ||| Stepping ~*~*~tactically~*~*~ (outnumbered).
 19929 | Orc:2    | 19929 ||| Stepping ~*~*~tactically~*~*~ (outnumbered).
 19930 | Orc:2    | 19930 ||| Stepping ~*~*~tactically~*~*~ (outnumbered).
 19931 | Orc:2    | 19931 ||| INVOKING Heroism.
 19934 | Orc:2    | 19934 ||| Stepping ~*~*~tactically~*~*~ (outnumbered).
 19938 | Orc:2    | 19938 ||| Stepping ~*~*~tactically~*~*~ (outnumbered).
 19940 | Orc:2    | 19940 ||| Stepping ~*~*~tactically~*~*~ (outnumbered).
 19943 | Orc:2    | 19943 ||| Stepping ~*~*~tactically~*~*~ (outnumbered).
 19944 | Orc:2    | Paralysed by an orc sorcerer for 3 turns
 20064 | Orc:2    | 20064 ||| Stepping ~*~*~tactically~*~*~ (stealth).
 20066 | Orc:2    | 20066 ||| Stepping ~*~*~tactically~*~*~ (hiding).
 20067 | Orc:2    | 20067 ||| INVOKING Heroism.
 20084 | Orc:2    | Found Laigoit's Antique Armour Boutique.
 20084 | Orc:2    | Found Dael's Jewellery Shop.
 20085 | Orc:2    | Found a one-way gate leading to the halls of Pandemonium.
 20087 | Orc:2    | 20087 ||| SHOPLISTING pearl dragon scales (3100 gold, have
                  | 1318).
 20089 | Orc:2    | 20089 ||| BUYING amulet "Rympuqo" {rC+ Regen+} (748 gold).
 20089 | Orc:2    | Bought the amulet "Rympuqo" {rC+ Regen+} for 748 gold
                  | pieces
 20127 | Orc:2    | 20127 ||| Stepping ~*~*~tactically~*~*~ (outnumbered).
 20128 | Orc:2    | 20128 ||| Stepping ~*~*~tactically~*~*~ (outnumbered).
 20129 | Orc:2    | 20129 ||| Stepping ~*~*~tactically~*~*~ (outnumbered).
 20130 | Orc:2    | 20130 ||| Stepping ~*~*~tactically~*~*~ (outnumbered).
 20131 | Orc:2    | 20131 ||| Stepping ~*~*~tactically~*~*~ (outnumbered).
 20132 | Orc:2    | 20132 ||| Stepping ~*~*~tactically~*~*~ (outnumbered).
 20133 | Orc:2    | 20133 ||| Stepping ~*~*~tactically~*~*~ (outnumbered).
 20146 | Orc:2    | 20146 ||| INVOKING Heroism.
 20155 | Orc:2    | 20155 ||| Stepping ~*~*~tactically~*~*~ (outnumbered).
 20156 | Orc:2    | 20156 ||| Stepping ~*~*~tactically~*~*~ (outnumbered).
 20157 | Orc:2    | 20157 ||| Stepping ~*~*~tactically~*~*~ (outnumbered).
 20158 | Orc:2    | 20158 ||| Stepping ~*~*~tactically~*~*~ (outnumbered).
 20235 | Orc:2    | Found a staircase to the Elven Halls.
 20522 | Orc:2    | 20522 ||| DROPPING amulet of regeneration.
 20523 | Orc:2    | 20523 ||| UPGRADING to amulet "Rympuqo" {rC+ Regen+}.
 20627 | Orc:1    | 20627 ||| PLANNING SPIDER:1-3
 20826 | Spider:1 | Entered Level 1 of the Spider Nest
 20913 | Spider:1 | 20913 ||| Stepping ~*~*~tactically~*~*~ (hiding).
 20923 | Spider:1 | Noticed an emperor scorpion
 20924 | Spider:1 | 20924 ||| INVOKING Heroism.
 20933 | Spider:1 | Killed an emperor scorpion
 20958 | Spider:1 | 20958 ||| Stepping ~*~*~tactically~*~*~ (stealth).
 20959 | Spider:1 | 20959 ||| Stepping ~*~*~tactically~*~*~ (stealth).
 20960 | Spider:1 | 20960 ||| Stepping ~*~*~tactically~*~*~ (stealth).
 20966 | Spider:1 | 20966 ||| Stepping ~*~*~tactically~*~*~ (stealth).
 20968 | Spider:1 | 20968 ||| Stepping ~*~*~tactically~*~*~ (stealth).
 20984 | Spider:1 | Received a gift from Okawaru
 21059 | Spider:1 | Noticed Rupert
 21060 | Spider:1 | 21060 ||| INVOKING Heroism.
 21067 | Spider:1 | 21067 ||| Stepping ~*~*~tactically~*~*~ (outnumbered).
 21068 | Spider:1 | Killed Rupert
 21078 | Spider:1 | 21078 ||| Stepping ~*~*~tactically~*~*~ (outnumbered).
 21082 | Spider:1 | 21082 ||| Stepping ~*~*~tactically~*~*~ (outnumbered).
 21083 | Spider:1 | 21083 ||| Stepping ~*~*~tactically~*~*~ (outnumbered).
 21105 | Spider:1 | Reached XP level 16. HP: 149/149 MP: 22/22
 21198 | Spider:1 | 21198 ||| Stepping ~*~*~tactically~*~*~ (stealth).
 21199 | Spider:1 | 21199 ||| Stepping ~*~*~tactically~*~*~ (stealth).
 21201 | Spider:1 | 21201 ||| Stepping ~*~*~tactically~*~*~ (stealth).
 21203 | Spider:1 | 21203 ||| Stepping ~*~*~tactically~*~*~ (stealth).
 21212 | Spider:1 | Reached skill level 17 in Unarmed Combat
 21220 | Spider:1 | 21220 ||| DRINKING 9 potions of curing.
 21220 | Spider:1 | 21220 ||| (to cure confusion)
 21221 | Spider:1 | 21221 ||| DRINKING 8 potions of curing.
 21221 | Spider:1 | 21221 ||| (to cure confusion)
 21232 | Spider:1 | 21232 ||| Stepping ~*~*~tactically~*~*~ (stealth).
 21237 | Spider:1 | 21237 ||| INVOKING Heroism.
 21243 | Spider:1 | 21243 ||| Stepping ~*~*~tactically~*~*~ (outnumbered).
 21317 | Spider:1 | 21317 ||| DRINKING 7 potions of curing.
 21317 | Spider:1 | 21317 ||| (to cure confusion)
 21383 | Spider:1 | 21383 ||| Stepping ~*~*~tactically~*~*~ (stealth).
 21384 | Spider:1 | 21384 ||| Stepping ~*~*~tactically~*~*~ (stealth).
 21386 | Spider:1 | 21386 ||| INVOKING Heroism.
 21397 | Spider:1 | 21397 ||| Stepping ~*~*~tactically~*~*~ (outnumbered).
 21411 | Spider:1 | 21411 ||| Stepping ~*~*~tactically~*~*~ (hiding).
 21920 | Spider:2 | 21920 ||| STAIRDANCE
 22040 | Spider:2 | 22040 ||| INVOKING Heroism.
 22042 | Spider:2 | 22042 ||| Stepping ~*~*~tactically~*~*~ (stealth).
 22043 | Spider:2 | 22043 ||| Stepping ~*~*~tactically~*~*~ (stealth).
 22045 | Spider:2 | 22045 ||| INVOKING Finesse.
 22128 | Spider:2 | 22128 ||| Stepping ~*~*~tactically~*~*~ (stealth).
 22129 | Spider:2 | 22129 ||| Stepping ~*~*~tactically~*~*~ (stealth).
 22130 | Spider:2 | 22130 ||| Stepping ~*~*~tactically~*~*~ (stealth).
 22133 | Spider:2 | 22133 ||| Stepping ~*~*~tactically~*~*~ (stealth).
 22145 | Spider:2 | 22145 ||| Stepping ~*~*~tactically~*~*~ (outnumbered).
 22153 | Spider:2 | Received a gift from Okawaru
 22158 | Spider:2 | 22158 ||| INVOKING Finesse.
 22321 | Spider:2 | 22321 ||| Stepping ~*~*~tactically~*~*~ (hiding).
 22337 | Spider:2 | 22337 ||| DRINKING 7 potions of curing.
 22337 | Spider:2 | 22337 ||| (to cure confusion)
 22347 | Spider:2 | 22347 ||| DRINKING 6 potions of curing.
 22347 | Spider:2 | 22347 ||| (to cure confusion)
 22467 | Spider:2 | 22467 ||| INVOKING Heroism.
 22497 | Spider:2 | 22497 ||| INVOKING Heroism.
 22498 | Spider:2 | Received a gift from Okawaru
 22556 | Spider:2 | 22556 ||| DRINKING 5 potions of curing.
 22556 | Spider:2 | 22556 ||| (to cure confusion)
 22631 | Spider:2 | 22631 ||| INVOKING Heroism.
 22721 | Spider:2 | 22721 ||| Stepping ~*~*~tactically~*~*~ (stealth).
 22725 | Spider:2 | 22725 ||| INVOKING Heroism.
 22727 | Spider:2 | 22727 ||| Stepping ~*~*~tactically~*~*~ (outnumbered).
 22742 | Spider:2 | 22742 ||| DRINKING 4 potions of curing.
 22742 | Spider:2 | 22742 ||| (to cure confusion)
 22743 | Spider:2 | 22743 ||| DRINKING 3 potions of curing.
 22743 | Spider:2 | 22743 ||| (to cure confusion)
 22754 | Spider:2 | Received a gift from Okawaru
 22818 | Spider:2 | 22818 ||| Stepping ~*~*~tactically~*~*~ (stealth).
 22821 | Spider:2 | 22821 ||| Stepping ~*~*~tactically~*~*~ (hiding).
 22826 | Spider:2 | Reached skill level 18 in Unarmed Combat
 22912 | Spider:2 | 22912 ||| Stepping ~*~*~tactically~*~*~ (stealth).
 22915 | Spider:2 | 22915 ||| INVOKING Finesse.
 23310 | Spider:2 | 23310 ||| DROPPING ring of protection from cold.
 23338 | Spider:3 | 23338 ||| INVOKING Heroism.
 23339 | Spider:3 | 23339 ||| INVOKING Finesse.
 23340 | Spider:3 | 23340 ||| STAIRDANCE
 23373 | Spider:3 | 23373 ||| STAIRDANCE
 23387 | Spider:3 | 23387 ||| INVOKING Heroism.
 23405 | Spider:3 | HP: 28/150 [meliai/divine providence (12)]
 23406 | Spider:3 | 23406 ||| READING 14 scrolls of teleportation.
 23407 | Spider:3 | 23407 ||| DRINKING potion of heal wounds.
 23408 | Spider:3 | 23408 ||| DRINKING 2 potions of curing.
 23408 | Spider:3 | 23408 ||| (to cure confusion)
 23411 | Spider:3 | 23411 ||| READING 13 scrolls of teleportation.
 23413 | Spider:3 | 23413 ||| Stepping ~*~*~tactically~*~*~ (outnumbered).
 23413 | Spider:3 | HP: 17/150 [culicivora (8)]
 23415 | Spider:3 | 23415 ||| READING 12 scrolls of teleportation.
 23417 | Spider:3 | 23417 ||| Stepping ~*~*~tactically~*~*~ (outnumbered).
 23418 | Spider:3 | 23418 ||| READING 11 scrolls of teleportation.
 23419 | Spider:3 | Blown up by a sun moth

Levels and vault maps discovered:
D:1:      matt_arrival_grand_opening, layout_basic, serial_shops,
          nicolae_square_shop
D:2:      layout_rooms, basic_altar, uniq_natasha
D:3:      gammafunk_wand_slinger, layout_loops_ring, mainiacjoe_overflow_paths,
          kennysheep_slug_shrine, st_stairs_6, grunt_ministairs_10,
          minmay_tree_intersection, eino_curves_04
D:4:      layout_loops_cross, okawaru_altar_gauntlet_db,
          lightli_ossuary_entry_decrepit_ruins, corexii_leaking_fountain,
          uniq_ijyb
D:5:      layout_gridville, kennysheep_orc_sif_temple, dancing_weapons_uskayaw,
          minmay_temple_entry_mini_moons
D:6:      layout_basic, nicolae_wu_jian_immortal_techniques,
          mainiacjoe_overflow_small_starburst, uniq_grinder, uniq_duvessa,
          uniq_edmund, uniq_sigmund
D:7:      layout_rooms, mainiacjoe_overflow_cross_hatched,
          mainiacjoe_overflow_24_doors, uniq_prince_ribbit1
D:8:      layout_rooms, mainiacjoe_overflow_boulevard,
          nicolae_qazlal_eye_of_the_storm, nicolae_ru_path_of_blood,
          lair_entry_dummy, uniq_psyche
D:9:      layout_big_octagon, serial_shops, kennysheep_mini, shop_statue
D:10:     layout_small_grid, overflow_temple_1_default, lemuel_round_altar,
          kennysheep_small_circle
D:11:     layout_cave_pools, enter_trove_1, uniq_maurice, uniq_snorg
D:12:     layout_loops_ring, david_orc_4, introduction_to_nature_2, uniq_frances
D:13:     layout_basic
D:14:     layout_roguey [special_room_orc], grunt_vaults_entry_tiered,
          kennysheep_cross_bottleneck, grunt_decor_junction, st_stairs_1
D:15:     grunt_enter_depths_snipers, layout_basic, minmay_curled_crystal
Lair:1:   layout_small_grid
Lair:2:   layout_gridlike, elwin_shoals_entry_rocks, spider_nest_entry_rubble
Lair:3:   layout_roguey, basic_altar, uniq_kirke
Lair:4:   layout_regular_city, slime_entry_1
Lair:5:   minmay_lair_end_frog_pond, layout_cave_pods,
          chequers_serial_rivers_small_a, kennysheep_snail_temple,
          serial_bayou_shore_b
Spider:1: layout_cave_pods, guppyfry_spider_mini_3, uniq_rupert
Spider:2: layout_chambers, worms_lemuel
Spider:3: layout_spider_delve, hellmonk_motheaten_closet, uniq_mara
Orc:1:    layout_diamond_mine, nicolae_volcano_entry_s_turn
Orc:2:    pf_orc_diabolical, layout_caves, mines1_david

Skill      XL: |  1  2  3  4  5  6  7  8  9 10 11 12 13 14 15 16 |
---------------+-------------------------------------------------+-----
Unarmed Combat | 4 5 6 7 8 10 12 13 15 16 18 | 18.0
Armour         | 1 3 4 5 6 7 |  7.1
Fighting       | 3 4 5 6 7 |  7.9
Throwing       | 3 4 5 7 |  7.0
Shields        | 2 8 10 11 13 15 16 | 16.0
Dodging        | 1 2 |  2.0
Invocations    | 2 6 10 | 10.0
Spellcasting   | |  1.0
Fire Magic     | |  2.1

Action                   |  1- 3 |  4- 6 |  7- 9 | 10-12 | 13-15 | 16-18 || total
-------------------------+-------+-------+-------+-------+-------+-------++-------
Melee: Unarmed           |    70 |   164 |   284 |   397 |  1299 |   354 ||  2568
       Punch             |       |     6 |    12 |       |       |       ||    18
Throw: Javelin           |       |       |    24 |    70 |    22 |       ||   116
       Boomerang         |       |       |       |     5 |    78 |       ||    83
       Large rock        |       |       |       |       |    84 |    39 ||   123
Invok: Fiery Armour      |       |       |     5 |     8 |       |       ||    13
       Heroism           |       |       |       |     3 |    62 |     9 ||    74
       Finesse           |       |       |       |       |     4 |     4 ||     8
  Use: Scroll            |     3 |     8 |    11 |     2 |     9 |     4 ||    37
       Potion            |       |     3 |     4 |     1 |     7 |    10 ||    25
Armor: Robe              |    14 |    43 |       |       |       |       ||    57
       Gold dragon scale |       |    22 |   196 |   252 |   837 |   279 ||  1586
       Skin              |       |       |       |     6 |       |       ||     6
Dodge: Dodged            |    17 |    47 |    67 |    99 |   377 |   100 ||   707
Block: Kite shield       |       |       |     4 |   180 |   209 |       ||   393
       Tower shield      |       |       |       |       |   982 |   341 ||  1323

Table legend:
 A = Non-vault XP
 B = Vault XP
 C = Vault XP percentage of total XP
 D = Non-vault monster count
 E = Vault monster count
 F = Vault count percentage of total count
                 A         B        C        D         E       F
            +---------+---------+-------+---------+---------+-------
      Total |  136802 |   55475 |  28.9 |     594 |     252 |  29.8
            +---------+---------+-------+---------+---------+-------
        D:1 |      30 |       0 |   0.0 |      18 |       0 |   0.0
        D:2 |      62 |      36 |  36.7 |      12 |       1 |   7.7
        D:3 |     187 |       9 |   4.6 |      22 |       4 |  15.4
        D:4 |     424 |      60 |  12.4 |      17 |       6 |  26.1
        D:5 |     963 |     108 |  10.1 |      19 |       4 |  17.4
        D:6 |     661 |     842 |  56.0 |      13 |       5 |  27.8
        D:7 |     473 |     268 |  36.2 |      17 |       1 |   5.6
        D:8 |     635 |     391 |  38.1 |      23 |       1 |   4.2
        D:9 |    2229 |       0 |   0.0 |      40 |       0 |   0.0
       D:10 |    3911 |     641 |  14.1 |      29 |       3 |   9.4
       D:11 |    5622 |    1392 |  19.8 |      17 |       2 |  10.5
       D:12 |    2846 |    3753 |  56.9 |      12 |      37 |  75.5
       D:13 |    6283 |       0 |   0.0 |      12 |       0 |   0.0
       D:14 |    7388 |    9384 |  56.0 |      16 |      54 |  77.1
       D:15 |   15826 |    2690 |  14.5 |      26 |       3 |  10.3
     Lair:1 |    9761 |       0 |   0.0 |      34 |       0 |   0.0
     Lair:2 |    3224 |     235 |   6.8 |      18 |       1 |   5.3
     Lair:3 |    5320 |    2035 |  27.7 |      16 |       4 |  20.0
     Lair:4 |    9325 |       0 |   0.0 |      23 |       0 |   0.0
     Lair:5 |   13534 |   10427 |  43.5 |      45 |      40 |  47.1
   Spider:1 |   18015 |    3200 |  15.1 |      63 |       8 |  11.3
   Spider:2 |   22920 |    3339 |  12.7 |      55 |       9 |  14.1
   Spider:3 |    3578 |       0 |   0.0 |       7 |       0 |   0.0
      Orc:1 |    1637 |       0 |   0.0 |      12 |       0 |   0.0
      Orc:2 |    1948 |   16613 |  89.5 |      28 |      53 |  65.4
    Ossuary |       0 |      52 | 100.0 |       0 |      16 | 100.0
            +---------+---------+-------+---------+---------+-------
